 Dungeon Crawl Stone Soup version 0.31-a0-836-g3ceb0a68c4 (webtiles) character file.

Game seed: 14662190158208438693

833839 scionoferis the Wrestler (level 27, -2/246 HPs)
             Began as a Hill Orc Monk on Sept 23, 2023.
             Was a High Priest of Beogh.
             Slain by a lorocyproca (20 damage)
             ... on level 7 of a ziggurat on Sept 26, 2023.
             The game lasted 12:16:39 (136453 turns).

scionoferis the Wrestler (Hill Orc Monk)          Turns: 136453, Time: 12:16:39

Health: -2/246     AC: 41    Str: 30    XL:     27
Magic:  0/39       EV: 24    Int: 10    God:    Beogh [*****.]
Gold:   9083       SH: 17    Dex: 22    Spells: 20/35 levels left

rFire   + .          .
                       - Unarmed
rCold   + + .        x - +1 kite shield {reflect}
rNeg    + + +        n - +11 shadow dragon scales
rPois   ∞            m - +1 helmet
rElec   +            c - +0 cloak of Noasikon {rC+ Will+ Dex+5}
rCorr   .            u - +2 pair of gloves {Str+3}
SInv    .            j - +0 pair of boots of Myuhuwun {Regen+ Str+3}
Will    ++++.        k - amulet of regeneration
Stlth   ++++++++     W - ring of Terra Nullius {rElec rPois rF+ rN+ Str-4}
HPRegen 2.21/turn    v - +5 ring of evasion
MPRegen 0.26/turn

%: reflection
@: death-form
A: vile attack, torment immunity, no potions, walk on water, talons 1, thin
skeletal structure 2, poison resistance, no potion heal 1, inability to drink
after injury 1
}: 5/15 runes: barnacled, slimy, silver, abyssal, gossamer
a: Siphon Essence, Begin Untransformation, Renounce Religion, Smiting, Recall
Orcish Followers, Give Item to Named Follower


You were on level 7 of a ziggurat.
You worshipped Beogh.
Beogh was extremely pleased with you.
You were an undying horror.
You visited 13 branches of the dungeon, and saw 57 of its levels.
You visited the Abyss 8 times.
You visited 1 bazaar.
You visited 1 ziggurat, and saw 7 of its levels.
You also visited: Trove, Gauntlet, Ice Cave and Wizlab.

You collected 11438 gold pieces.
You spent 2355 gold pieces at shops.


Innate Abilities, Weirdness & Mutations

You are an undying horror.
Your melee and unarmed attacks drain, slow and weaken victims.
You are immune to unholy pain and torment.
You cannot drink.
You can walk on water.
You have sharp toenails.
You have a moderately thin skeletal structure. (Dex +4, Stealth++)
Your system is resistant to poisons. (rPois)
Potions are less effective at restoring your health.
You occasionally lose the ability to drink potions when taking damage.


   Skills:
 - Level 20.0 Fighting
 + Level 17.5 Throwing
 - Level 18.0 Armour
 - Level 15.0 Dodging
 - Level 10.0 Stealth
 - Level 18.0 Shields
 + Level 25.9 Unarmed Combat
 + Level 4.8 Spellcasting
 + Level 10.7 Translocations
 * Level 6.7 Air Magic
 - Level 24.0 Invocations
 - Level 15.0 Evocations
 - Level 23.0 Shapeshifting


You had 20 spell levels left.
You knew the following spells:

 Your Spells              Type           Power      Damage    Failure   Level
a - Apportation           Tloc           48%        N/A       1%          1
b - Blink                 Tloc           48%        N/A       1%          2
c - Lesser Beckoning      Tloc           48%        N/A       1%          2
d - Passwall              Tmut/Erth      1%         N/A       78%         2
e - Manifold Assault      Tloc           24%        N/A       10%         4
f - Vhi's Electric Charg  Tloc/Air       38%        N/A       24%         4

Your spell library contained the following spells:

 Spells                   Type           Power      Damage    Failure   Level
 Gell's Gravitas          Tloc           24%        N/A       3%          3
 Teleport Other           Tloc           24%        N/A       3%          3
 Passage of Golubria      Tloc           24%        N/A       10%         4
 Momentum Strike          Conj/Tloc      26%        3d8       14%         2
 Swiftness                Air            15%        N/A       16%         3
 Shock                    Conj/Air       36%        1d5       22%         1
 Poisonous Vapours        Pois/Air       18%        N/A       32%         2
 Static Discharge         Conj/Air       18%        2-3/arc   32%         2
 Cigotuvi's Dreadful Rot  Necr/Pois/Air  12%        N/A       45%         2
 Airstrike                Air            7%         2d(2-18)  47%         4
 Freeze                   Ice            8%         1d3       65%         1
 Kiss of Death            Conj/Necr      8%         2d6       65%         1
 Necrotise                Necr           8%         1d4       65%         1
 Sandblast                Erth           4%         2d4       65%         1
 Slow                     Hex            8%         N/A       65%         1
 Sting                    Tmut/Pois      8%         1d3       65%         1
 Summon Small Mammal      Summ           8%         N/A       65%         1
 Iskenderun's Mystic Bla  Conj/Tloc      13%        2d5       67%         4
 Mephitic Cloud           Conj/Pois/Air  6%         N/A       71%         3
 Ensorcelled Hibernation  Hex/Ice        4%         N/A       78%         2
 Sublimation of Blood     Necr           2%         N/A       78%         2
 Wereblood                Tmut           2%         N/A       78%         2
 Dispersal                Tloc           12%        N/A       83%         6
 Summon Lightning Spire   Summ/Air       9%         N/A       91%         4
 Confusing Touch          Hex            2%         N/A       95%         3
 Dazzling Flash           Conj/Hex       4%         N/A       95%         3
 Frozen Ramparts          Ice            4%         1d1       95%         3
 Ignite Poison            Fire/Tmut/Pois 2%         N/A       95%         3
 Inner Flame              Hex/Fire       2%         N/A       95%         3
 Ozocubu's Armour         Ice            2%         N/A       95%         3
 Sigil of Binding         Hex            2%         N/A       95%         3
 Stone Arrow              Conj/Erth      4%         3d7       95%         3
 Summon Guardian Golem    Hex/Summ       2%         N/A       95%         3
 Vampiric Draining        Necr           2%         2d6       95%         3
 Arcjolt                  Conj/Air       4%         1d14      99%         5
 Silence                  Hex/Air        4%         N/A       99%         5
 Anguish                  Hex/Necr       1%         N/A       100%        4
 Animate Armour           Summ/Erth      4%         N/A       100%        4
 Animate Dead             Necr           2%         N/A       100%        4
 Brom's Barrelling Bould  Conj/Erth      2%         2d3       100%        4
 Cause Fear               Hex            1%         N/A       100%        4
 Dispel Undead            Necr           2%         3d7       100%        4
 Flame Wave               Conj/Fire      2%         2d4       100%        4
 Leda's Liquefaction      Hex/Erth       1%         N/A       100%        4
 Olgreb's Toxic Radiance  Pois           2%         N/A       100%        4
 Petrify                  Tmut/Erth      2%         N/A       100%        4
 Sticky Flame             Conj/Fire      2%         2d3       100%        4
 Summon Ice Beast         Ice/Summ       2%         N/A       100%        4
 Agony                    Necr           2%         N/A       100%        5
 Borgnjor's Vile Clutch   Necr/Erth      1%         N/A       100%        5
 Fireball                 Conj/Fire      1%         3d3       100%        5
 Freezing Cloud           Conj/Ice/Air   3%         6-21      100%        5
 Irradiate                Conj/Tmut      1%         3d12      100%        5
 Iskenderun's Battlesphe  Conj           2%         2d6       100%        5
 Lee's Rapid Deconstruct  Erth           1%         3d4*      100%        5
 Metabolic Englaciation   Hex/Ice        1%         N/A       100%        5
 Yara's Violent Unravell  Hex/Tmut       1%         3d3       100%        5
 Bombard                  Conj/Erth      1%         9d1       100%        6
 Death Channel            Necr           1%         N/A       100%        6
 Plasma Beam              Fire/Air       4%         2x1d14    100%        6
 Simulacrum               Ice/Necr       1%         N/A       100%        6
 Enfeeble                 Hex            1%         N/A       100%        7
 Haunt                    Necr/Summ      1%         N/A       100%        7
 Orb of Destruction       Conj           1%         9d5       100%        7
 Ozocubu's Refrigeration  Ice            1%         4d7       100%        7
 Spellforged Servitor     Conj/Summ      1%         N/A       100%        7
 Borgnjor's Revivificati  Necr           1%         N/A       100%        8
 Discord                  Hex            1%         N/A       100%        8
 Ignition                 Fire           1%         3d3       100%        8
 Infestation              Necr           1%         N/A       100%        8
 Lehudib's Crystal Spear  Conj/Erth      1%         10d2      100%        8
 Maxwell's Capacitive Co  Air            7%         ∞         100%        8
 Summon Horrible Things   Summ           1%         N/A       100%        8
 Death's Door             Necr           1%         N/A       100%        9
 Dragon's Call            Summ           1%         N/A       100%        9
 Polar Vortex             Ice            1%         N/A       100%        9

Inventory:

Missiles
 a - 45 boomerangs (quivered)
 e - 24 javelins
 q - 4 throwing nets
 z - 92 poisoned darts
 G - 25 curare-tipped darts
Armour
 c - the +0 cloak of Noasikon (worn) {rC+ Will+ Dex+5}
   (You acquired it on level 9 of the Dungeon)

   Dex+5:     It affects your dexterity (+5).
   rC+:       It protects you from cold.
   Will+:     It increases your willpower.
 j - the +0 pair of boots of Myuhuwun (worn) {Regen+ Str+3}
   (You found it on level 5 of the Vaults)

   Str+3:     It affects your strength (+3).
   Regen+:    It increases your rate of health regeneration.
 m - a +1 helmet (worn)
   (You found it on level 2 of the Dungeon)
 n - +11 shadow dragon scales (worn)
   (You found it on level 4 of the Vaults)
 u - a +2 pair of gloves of strength (worn)
   (You found it on level 5 of the Pits of Slime)
 x - a +1 kite shield of reflection (worn)
   (You took it off a tengu warrior on level 2 of the Depths)
Jewellery
 h - the ring "Uleadem" {rElec rPois rC+ rN+ Str+4}
   (You took it off a deep elf elementalist on level 3 of the Elven Halls)

   [ring of protection from cold]

   Str+4:     It affects your strength (+4).
   rC+:       It protects you from cold.
   rElec:     It insulates you from electricity.
   rPois:     It protects you from poison rN+: It protects you from negative
   energy.
 k - an amulet of regeneration (around neck)
   (You found it on level 1 of the Spider Nest)
 v - a +5 ring of evasion (right hand)
   (You found it in a treasure trove)
 B - the ring of Muirghig {Fly Will+ Str+2}
   (You found it on level 4 of a ziggurat)

   [ring of flight]

   Str+2:     It affects your strength (+2).
   Will+:     It increases your willpower.
   Fly:       It grants you flight.
 W - the ring of Terra Nullius (left hand) {rElec rPois rF+ rN+ Str-4}
   (You took it off a tengu reaver on level 5 of the Vaults)

   [ring of poison resistance]

   Str-4:     It affects your strength (-4).
   rF+:       It protects you from fire.
   rElec:     It insulates you from electricity.
   rPois:     It protects you from poison rN+: It protects you from negative
   energy.
 Z - the ring of Baffohu {rF+ Int+3 SInv Stlth+}
   (You found it on level 5 of the Vaults)

   [ring of see invisible]

   Int+3:     It affects your intelligence (+3).
   rF+:       It protects you from fire.
   SInv:      It lets you see invisible.
   Stlth+:    It makes you more stealthy.
Talismans
 t - a talisman of death (active)
   (You found it on level 3 of the Crypt)
Wands
 o - a wand of charming (6)
   (You found it on level 3 of a ziggurat)
 w - a wand of light (36)
   (You found it on level 10 of the Dungeon)
 F - a wand of iceblast (90)
   (You took it off a kobold on level 8 of the Dungeon)
 P - a wand of digging (9)
   (You found it on level 2 of the Depths)
 T - a wand of mindburst (14)
   (You found it on level 3 of the Crypt)
Scrolls
 g - 2 scrolls of enchant weapon
 l - 21 scrolls of teleportation
 p - 10 scrolls of blinking
 r - a scroll of immolation
 s - 17 scrolls of fear
 y - 2 scrolls of torment
 C - a scroll of poison
 J - 13 scrolls of fog
 L - 6 scrolls of silence
Potions
 b - a potion of lignification
 d - 2 potions of attraction
 i - a potion of mutation
 A - a potion of brilliance
 D - a potion of heal wounds
Miscellaneous
 f - a lightning rod (4/4)
   (You found it in a Gauntlet)
 I - a phial of floods
   (You found it on level 9 of the Dungeon)
 S - a box of beasts
   (You found it in a Gauntlet)
 U - a condenser vane
   (You found it on level 11 of the Dungeon)
 X - a phantom mirror
   (You found it on level 5 of the Lair of Beasts)
 Y - the horn of Geryon (inert)
   (You took it off Geryon in the Vestibule of Hell)

Dungeon Overview and Level Annotations

Branches:
Dungeon (15/15)            Temple (0/1) D:7            Lair (5/5) D:10
 Shoals (4/4) Lair:3       Spider (4/4) Lair:2        Slime (5/5) Lair:4
    Orc (2/2) D:10            Elf (3/3) Orc:2        Vaults (5/5) D:13
  Crypt (3/3) Vaults:3       Tomb (1/3) Crypt:3      Depths (4/4) D:15
   Hell (visited)             Dis (0/7) Hell            Geh (0/7) Hell
    Coc (0/7) Hell            Tar (0/7) Hell            Zot (5/5) Depths:4
  IceCv (visited)          WizLab (visited)         Gauntlet (visited)

Altars:
Cheibriados
Dithmenos
Elyvilon
Fedhas
Kikubaaqudgha
Makhleb
Okawaru
Qazlal
Ru
Sif Muna
Trog
Uskayaw
Vehumet
Wu Jian
Xom
Yredelemnul
Zin
Beogh
Jiyva

Shops:
Orc:1 [   Orc:2 =*([   Elf:1 [   Shoals:2 *   Shoals:3 ?   Vaults:3 *:[
Vaults:4 *   Depths:2 :

Portals:
Hell: Depths:1 Depths:2 Depths:3 Depths:4
Abyss: Depths:3 Depths:4
Pandemonium: Depths:2 Depths:3

Annotations:
Zot:5 1 exclusion

▓▓.......
▓▓.........
▓..........
▓▓..........
▓..∩........
▓▓..........
▓...226....
▓▓{..2.....
▓▓z6......
▓▓3......
▓▓▓▓.▓▓ ▓▓


You could see a demonspawn warmonger (resistant, ally target), a demonspawn
blood saint (fast, slow, weak, drained), a reaper (fast, agile, ally target), a
sun demon (fast, resistant) and 2 friendly hell beasts.


Message History

K - a +2 pair of boots of flying
Okay, then.
You start removing your armour.
You continue taking off the +0 pair of boots of Myuhuwun {Regen+ Str+3}. x4
You finish taking off the +0 pair of boots of Myuhuwun {Regen+ Str+3}.
You start putting on your armour.
You continue putting on your +2 pair of boots of flying. x5
You finish putting on your +2 pair of boots of flying.
You fly up into the air.
Search for what [Enter for "zig", or ? for help]? zig You see here a +0 chain mail.
You drop 6 potions of enlightenment.
You drop 13 potions of curing.
You drop 7 potions of invisibility.
You drop 8 potions of haste.
You drop 4 potions of cancellation.
You drop 8 potions of mutation.
You drop 13 potions of heal wounds.
You drop 7 potions of magic.
You drop 21 potions of ambrosia.
You drop a potion of berserk rage.
You drop 2 potions of resistance.
You drop 6 potions of might.
Okay, then.
There is a one-way gateway to a ziggurat here.
Unknown command.
You start removing your armour.
You continue taking off your +2 pair of boots of flying. x4
You finish taking off your +2 pair of boots of flying.
You float gracefully downwards.
You start putting on your armour.
You continue putting on the +0 pair of boots of Myuhuwun {Regen+ Str+3}. x5
You finish putting on the +0 pair of boots of Myuhuwun {Regen+ Str+3}.
The boots of Myuhuwun throb as they attune themselves to your uninjured body.
You feel stronger.
Search for what [Enter for "zig", or ? for help]? manual Can't find anything matching that.
You are an undying horror.
Your movement speed is average.
Your attack delay is about 0.5.
Your damage rating with unarmed combat is about 68 (Base [9 + 25 (UC)] x 150% (Str) x 133% (Fight)).
Your base attributes are Str 28, Int 10, Dex 13.
Unknown command.
Unknown command.
Okay, then.
Why would you want to do that?
Unknown command.
Okay, then.
You start removing your armour.
You continue taking off the +0 pair of boots of Myuhuwun {Regen+ Str+3}. x4
You finish taking off the +0 pair of boots of Myuhuwun {Regen+ Str+3}.
You start putting on your armour.
You continue putting on your +2 pair of boots of flying. x5
You finish putting on your +2 pair of boots of flying.
You fly up into the air.
Items here: !!!!!!!!!!!!.
Okay, then.
Search for what [Enter for "manual", or ? for help]? fear
Items here: !! % ( )) //// ==== ?????? [.
s - 17 scrolls of fear
Items here: !! % ( )) //// ==== ????? [.
y - a scroll of torment
There is a one-way gateway to a ziggurat here.
You start removing your armour.
You continue taking off your +2 pair of boots of flying. x4
You finish taking off your +2 pair of boots of flying.
You float gracefully downwards.
You start putting on your armour.
You continue putting on the +0 pair of boots of Myuhuwun {Regen+ Str+3}. x5
You finish putting on the +0 pair of boots of Myuhuwun {Regen+ Str+3}.
The boots of Myuhuwun throb as they attune themselves to your uninjured body.
You feel stronger.
You drop a +2 pair of boots of flying.
Unknown command.
Search for what [Enter for "fear", or ? for help]? shield Unknown command.
Unknown command.
The world spins around you as you enter the gateway.
You land on top of a ziggurat so tall you cannot make out the ground.
Found four items.
Found two gates leading back out of this place.
Found a stone staircase leading down.
There is an empty arch of ancient stone here.
The helpless naga sharpshooter fails to defend itself.
You beat the naga sharpshooter into a bloody pulp!!!!
You kill the naga sharpshooter!
Beogh accepts your kill.
There is a gate leading back out of this place, spattered with blood here.
Items here: ))) [ †.
The helpless mana viper fails to defend itself.
You pulverise the mana viper!!!
The mana viper decays.
You drain the mana viper!
You kill the mana viper!
Beogh accepts your kill.
J - 13 scrolls of fog (gained 1)
There is a stone staircase leading down, spattered with blood here.
b - a potion of lignification
There is a gate leading back out of this place here.
There is a gate leading back out of this place here.
There is a stone staircase leading down, spattered with blood here.
There is a gate leading back out of this place, spattered with blood here.
Items here: ))) [ †.
You see here a scroll of identify.
There is a stone staircase leading down, spattered with blood here.
Search for what [Enter for "shield", or ? for help]? zig Unknown command.
Nothing appears to have answered your call.
You start resting.
Magic restored.
Found four items.
Found two gates leading back out of this place.
Found a stone staircase leading down.
There is an empty arch of ancient stone here.
The helpless seven-headed hydra fails to defend itself.
You pulverise the seven-headed hydra!!!
The seven-headed hydra decays.
The seven-headed hydra is severely wounded.
You punch the seven-headed hydra!
The seven-headed hydra decays.
You drain the seven-headed hydra.
You kill the seven-headed hydra!
Beogh accepts your kill.
The komodo dragon hisses angrily.
The yak bellows!
You pummel the komodo dragon!!
The komodo dragon decays.
You drain the komodo dragon.
The komodo dragon is almost dead.
You pummel the komodo dragon!!
You kill the komodo dragon!
Beogh accepts your kill. You block the yak's attack.
You block the yak's attack.
You see here a potion of attraction.
You pummel the yak!!
The yak decays.
You drain the yak!
The yak is almost dead.
You squash the yak like an ant!!!
You kill the yak!
Beogh accepts your kill.
d - a potion of attraction
d - 2 potions of attraction (gained 1)
There is a gate leading back out of this place here.
g - a scroll of enchant weapon
There is a stone staircase leading down, spattered with blood here.
There is a gate leading back out of this place, spattered with blood here.
You see here a +0 robe.
You now have 8967 gold pieces (gained 16).
There is a stone staircase leading down, spattered with blood here.
Search for what [Enter for "zig", or ? for help]? zig Unknown command.
Found nine items.
Found two gates leading back out of this place.
Found a stone staircase leading down.
There is an empty arch of ancient stone here.
Press: ? - help, v - describe, . - travel, g - get item Item here: a wand of charming (6).
The floor.
The blizzard demon shouts!
Ywnosac screeches, "Get thee gone if wit thou hast!"
Ywnosac gestures at you. You resist with almost no effort.
The hell beast howls!
Ywnosac gestures.
You block the redback's attack. The jumping spider misses you.
The jumping spider closely misses you.
You closely miss Ywnosac. You block the hell beast's attack.
The hell beast completely misses you.
The jumping spider leaps!
The redback bites you but does no damage.
You closely miss Ywnosac.
The redback bites you but does no damage.
You block the hell beast's attack. x2; The jumping spider barely misses you.
The jumping spider misses you.
You miss Ywnosac. You block Ywnosac's attack.
The jumping spider leaps!
You block the redback's attack.
The hell beast bites you but does no damage.
The hell beast tramples you but does no damage.
The jumping spider barely misses you. You block the jumping spider's attack.
You miss Ywnosac. You block Ywnosac's attack.
You miss Ywnosac.
The hell beast bites you but does no damage.
The hell beast tramples you but does no damage.
The jumping spider pounces on you but does no damage.
You block the jumping spider's attack.
The redback bites you but does no damage.
You barely miss Ywnosac.
The jumping spider leaps!
You block the redback's attack.
The jumping spider leaps!
The hell beast bellows, "I will devour thy spine!"
You block the hell beast's attack.
The hell beast tramples you but does no damage.
The blizzard demon gestures at you. The bolt of cold hits you. You resist.
Ywnosac hits you but does no damage.
You pummel Ywnosac like a punching bag!!!
Ywnosac decays.
Ywnosac is moderately wounded.
You block the redback's attack. You block the hell beast's attack.
The hell beast misses you.
You pulverise Ywnosac!!!
Ywnosac decays.
Ywnosac is severely wounded.
The blizzard demon gestures at you. The bolt of lightning misses you. x2
The bolt of lightning hits the blizzard demon.
The blizzard demon completely resists.
You block the redback's attack. Ywnosac closely misses you.
You pummel Ywnosac!!
Ywnosac decays.
Ywnosac is severely wounded.
The hell beast bites you! You block the hell beast's attack.
You pummel Ywnosac!!
Ywnosac decays.
Ywnosac is almost dead.
The redback completely misses you. You block the hell beast's attack.
The hell beast closely misses you.
The blizzard demon hits you but does no damage.
You block the blizzard demon's attack.
You squash Ywnosac like an ant!!!
You kill Ywnosac!
Beogh accepts your kill.
The jumping spider disappears in a puff of smoke! x2
The redback disappears in a puff of smoke!
The hell beast bites you but does no damage.
The hell beast closely misses you.
You closely miss the blizzard demon. You block the blizzard demon's attack.
The blizzard demon hits you but does no damage.
You block the hell beast's attack. x2
You squash the blizzard demon like an ant!!!
The blizzard demon decays.
The blizzard demon is severely wounded.
You block the hell beast's attack. The hell beast completely misses you.
You hit the blizzard demon but do no damage.
The blizzard demon is severely wounded.
The blizzard demon misses you. You block the blizzard demon's attack.
The hell beast bites you but does no damage.
The hell beast tramples you but does no damage.
You squash the blizzard demon like an ant!!!
You kill the blizzard demon!
Beogh accepts your kill.
Your Air Magic skill increases to level 6!
You pummel the hell beast like a punching bag!!!
The hell beast decays.
The hell beast is heavily wounded.
You block the hell beast's attack. x2
You punch the hell beast!
The hell beast decays.
The hell beast is severely wounded.
You block the hell beast's attack. x2
You squash the hell beast like an ant!!!
You kill the hell beast!
Beogh accepts your kill.
You pick up the Unrestrained Analects and begin reading...
You add the spells Ignition and Discord to your library.
F - a wand of iceblast (90) (gained 2 charges)
You now have 9007 gold pieces (gained 40).
g - 2 scrolls of enchant weapon (gained 1)
There is a gate leading back out of this place here.
There is a stone staircase leading down here.
You see here a +0 chain mail.
i - a potion of mutation
There is a gate leading back out of this place here.
o - a wand of charming (6)
r - a scroll of immolation You see here 4 stones.
There is a stone staircase leading down here.
You see here a +0 chain mail.
Search for what [Enter for "zig", or ? for help]? zig Unknown command.
Unknown command.
Unknown command.
Unknown command.
Found a runed glaive, a shiny ring mail and a glowing quarterstaff.
There is an empty arch of ancient stone here.
A hellephant, an ancient zyme and a thrashing horror come into view.
Found an arbalest, a glowing broad axe and a potion of brilliance.
Found two gates leading back out of this place.
Found a stone staircase leading down.
A thrashing horror comes into view.
Found a scroll of teleportation and a scintillating wooden ring.
The ancient zyme hits you but does no damage.
The ancient zyme misses you.
You barely miss the ancient zyme.
The hellephant trumpets!
The thrashing horror roars! x2
You hit the ancient zyme.
The ancient zyme is lightly damaged.
The thrashing horror tramples you but does no damage.
The thrashing horror completely misses you.
The ancient zyme closely misses you. The ancient zyme misses you.
The hellephant blinks!
You squash the thrashing horror like an ant!!!
The thrashing horror is almost destroyed.
You block the thrashing horror's attack. x2
The thrashing horror misses you.
You block the thrashing horror's attack.
The thrashing horror churns violently!
The thrashing horror seems to grow stronger.
You block the ancient zyme's attack. The ancient zyme completely misses you.
You block the thrashing horror's attack.
The thrashing horror misses you.
You see here a +2 ring mail of poison resistance.
You barely miss the thrashing horror.
The thrashing horror is almost destroyed.
The thrashing horror tramples you but does no damage.
The thrashing horror completely misses you.
The ancient zyme misses you. The ancient zyme hits you!
The hellephant blinks!
The ancient zyme misses you. The ancient zyme completely misses you.
You pummel the thrashing horror!!
You destroy the thrashing horror!
Beogh accepts your kill.
The thrashing horror closely misses you.
The thrashing horror tramples you but does no damage.
You block the thrashing horror's attack. x2
You pummel the thrashing horror!!
The thrashing horror is heavily damaged.
You block the thrashing horror's attack.
The thrashing horror completely misses you.
You block the ancient zyme's attack. The ancient zyme completely misses you.
You block the ancient zyme's attack. x2
You hit the thrashing horror.
The thrashing horror is severely damaged.
The thrashing horror misses you. The thrashing horror barely misses you.
You squash the thrashing horror like an ant!!!
You destroy the thrashing horror!
Beogh accepts your kill. The ancient zyme completely misses you.
You block the ancient zyme's attack.
The ancient zyme hits you but does no damage. x2
You block the hellephant's attack. x2
The hellephant gores you but does no damage.
The ancient zyme misses you.
The ancient zyme hits you but does no damage.
You punch the hellephant!
The hellephant decays.
The hellephant is lightly wounded.
You punch the hellephant!
The hellephant decays.
The hellephant is lightly wounded.
You block the ancient zyme's attack. x2; The ancient zyme misses you.
The ancient zyme closely misses you. The hellephant tramples you!
You hold your ground!
The hellephant completely misses you. You block the hellephant's attack.
You pummel the hellephant!!
The hellephant decays.
The hellephant is moderately wounded.
You beat the hellephant into a bloody pulp!!!!
The hellephant decays.
The hellephant is severely wounded.
The ancient zyme completely misses you. x2
The ancient zyme closely misses you. You block the ancient zyme's attack.
You hit the hellephant but do no damage.
The hellephant is severely wounded.
The hellephant closely misses you. You block the hellephant's attack.
The hellephant gores you but does no damage.
You punch the hellephant!
The hellephant decays.
The hellephant is almost dead.
You block the ancient zyme's attack. The ancient zyme closely misses you.
You block the ancient zyme's attack.
The ancient zyme hits you but does no damage.
You pummel the hellephant!!
The hellephant decays.
The hellephant is almost dead.
The ancient zyme hits you but does no damage.
You block the ancient zyme's attack.
You hit the hellephant but do no damage.
The hellephant is almost dead.
You block the ancient zyme's attack. x2; The hellephant blinks!
You pummel the ancient zyme!!
The ancient zyme is heavily damaged.
You block the ancient zyme's attack. The ancient zyme closely misses you.
You block the ancient zyme's attack. The ancient zyme completely misses you.
You pulverise the ancient zyme!!!
You destroy the ancient zyme!
Beogh accepts your kill.
You hit the ancient zyme.
The ancient zyme is lightly damaged.
You block the ancient zyme's attack. x2
You barely miss the ancient zyme.
The ancient zyme is lightly damaged.
You pummel the ancient zyme!!
The ancient zyme is heavily damaged.
You block the ancient zyme's attack. x2
You pummel the ancient zyme like a punching bag!!!
You destroy the ancient zyme!
Beogh accepts your kill.
The hellephant tramples you but does no damage.
The hellephant misses you. You block the hellephant's attack.
You punch the hellephant!
The hellephant decays.
The hellephant is almost dead.
You punch the hellephant!
You kill the hellephant!
Beogh accepts your kill.
No target in view!
You see here a +1 quarterstaff of draining.
You see here a +3 glaive.
You see here a +2 ring mail of poison resistance.
There is a gate leading back out of this place here.
You see here a +2 heavy broad axe.
There is a stone staircase leading down here.
You see here a +0 arbalest.
A - a potion of brilliance
There is a gate leading back out of this place here.
B - the ring of Muirghig {Fly Will+ Str+2}
l - 21 scrolls of teleportation (gained 1)
There is a stone staircase leading down here.
You see here a +0 arbalest.
Search for what [Enter for "zig", or ? for help]? zig Unknown command.
Found a wand of light (7), a +4 ring of slaying and a staff of cold.
There is an empty arch of ancient stone here.
An efreet, a fire dragon and a fire giant come into view.
The efreet is wielding a +1 scimitar of flaming.
The fire giant is wielding a +1 great sword of flaming.
Found 35 gold pieces, 4 stones and a scroll of poison.
Found two gates leading back out of this place.
Found a stone staircase leading down.
The fire giant shouts!
The balrug shouts!
The fire dragon moves out of view.
A fire dragon comes into view.
Found a scroll of torment, a runed halberd and a staff of cold.
Unknown command.
The fire dragon roars deafeningly! x2
The fire dragon is engulfed in blazing flames.
The fire dragon breathes flames at you.
The blast of flame hits the fire giant!
The fire giant resists.
The blast of flame hits the fire dragon!
The fire dragon resists.
The blast of flame hits the balrug.
The balrug completely resists.
The blast of flame hits you! You resist.
You barely miss the balrug. The balrug hits you but does no damage.
You hit the balrug.
The balrug decays.
The balrug is lightly wounded.
The fire dragon breathes flames at you.
The blast of flame hits the fire dragon.
The fire dragon resists.
The blast of flame hits the balrug.
The balrug completely resists.
The blast of flame hits you! You resist.
You pound the balrug into fine dust!!!
The balrug decays.
The balrug is severely wounded.
The balrug gestures at you.
The fireball explodes!
The fireball engulfs you. You resist.
The fireball engulfs the balrug.
The balrug completely resists.
The fireball engulfs the fire dragon.
The fire dragon resists.
The fireball engulfs the efreet.
The efreet completely resists.
You pummel the balrug!!
The balrug decays.
The balrug is almost dead.
The efreet gestures at you. The bolt of fire misses you.
The fire dragon breathes flames at you.
The blast of flame hits you but does no damage.
The fire dragon breathes flames at you.
The blast of flame hits the balrug.
The balrug completely resists.
The blast of flame hits you! You resist.
You closely miss the balrug.
The balrug is almost dead.
You pound the balrug into fine dust!!!
You kill the balrug!
Beogh accepts your kill. You block the efreet's attack.
You block the fire dragon's attack. The fire dragon misses you. x2
The fire giant points at you and mumbles some strange words.
The fireball explodes!
The fireball engulfs you. You resist.
The fireball engulfs the fire dragon.
The fire dragon resists.
The fireball engulfs the efreet.
The efreet completely resists.
You hit the fire dragon.
The fire dragon decays.
The fire dragon is moderately wounded.
You pummel the fire dragon!!
The fire dragon decays.
The fire dragon is heavily wounded.
You block the efreet's attack.
You punch the fire dragon!
The fire dragon decays.
You drain the fire dragon.
The fire dragon is severely wounded.
You punch the fire dragon!
The fire dragon decays.
You drain the fire dragon.
The fire dragon is almost dead.
The efreet misses you. You block the fire dragon's attack. x2
The fire dragon tramples you but does no damage.
The fire dragon breathes flames at you.
The blast of flame hits the fire dragon!
The fire dragon resists.
The blast of flame hits you!! You resist.
You pummel the fire dragon!!
You kill the fire dragon!
Beogh accepts your kill.
You pummel the fire giant!!
The fire giant decays.
You drain the fire giant!
The fire giant is heavily wounded.
The efreet gestures at you.
The fireball explodes!
The fireball engulfs you but does no damage.
The fireball engulfs the fire dragon.
The fire dragon resists.
The fireball engulfs the fire giant.
The fire giant resists.
The fireball engulfs the efreet.
The efreet completely resists.
The fire dragon bites you but does no damage.
The fire dragon misses you. You block the fire dragon's attack.
You block the fire giant's attack.
You pummel the fire giant!!
The fire giant decays.
You drain the fire giant!
The fire giant is almost dead.
You block the efreet's attack. The fire dragon breathes flames at you.
The blast of flame hits you! You resist.
You punch the fire giant!
The fire giant decays.
The fire giant is almost dead.
The fire giant casts a spell at you. The bolt of fire misses you.
You hit the fire giant but do no damage.
The fire giant is almost dead.
The efreet hits you but does no damage.
You beat the fire giant into a bloody pulp!!!
You kill the fire giant!
Beogh accepts your kill.
You squash the fire dragon like an ant!!!
The fire dragon decays.
You drain the fire dragon!
The fire dragon is almost dead.
You block the efreet's attack. The fire dragon breathes flames at you.
The blast of flame hits you!! You resist.
You block the fire dragon's attack. x2
The fire dragon closely misses you.
You pummel the fire dragon!!
You kill the fire dragon!
Beogh accepts your kill. You block the efreet's attack.
The fire dragon barely misses you. You block the fire dragon's attack. x2
You see here a +2 demon whip of venom.
You hit the fire dragon but do no damage.
You drain the fire dragon.
The fire dragon is lightly wounded.
You block the efreet's attack. You block the fire dragon's attack. x2
The fire dragon tramples you but does no damage.
You pummel the fire dragon!!
The fire dragon decays.
The fire dragon is moderately wounded.
You pummel the fire dragon like a punching bag!!!
The fire dragon decays.
The fire dragon is almost dead.
The efreet closely misses you.
You pummel the fire dragon!!
You kill the fire dragon!
Beogh accepts your kill.
You hit the efreet.
The efreet decays.
The efreet is lightly wounded.
You block the efreet's attack.
You pound the efreet into fine dust!!!
You kill the efreet!
Beogh accepts your kill.
You see here a +1 scimitar of flaming.
You see here a +2 demon whip of venom.
Things that are here:
a +1 great sword of flaming; a fire giant corpse You see here a fire dragon corpse.
Things that are here:
a +1 great sword of flaming; a fire giant corpse You see here a staff of cold.
w - a wand of light (36) (gained 7 charges)
C - a +4 ring of slaying You drop a +4 ring of slaying.
There is a gate leading back out of this place here.
You see here 4 stones.
You now have 9042 gold pieces (gained 35).
There is a stone staircase leading down here.
C - a scroll of poison
There is a gate leading back out of this place here.
You see here a staff of cold.
y - 2 scrolls of torment (gained 1)
You see here a +2 halberd of venom.
There is a gate leading back out of this place here.
You see here 4 stones.
There is a stone staircase leading down here.
You see here a +2 halberd of venom.
There is a stone staircase leading down here.
You start waiting.
Done waiting.
Search for what [Enter for "zig", or ? for help]? zig Unknown command.
There is an empty arch of ancient stone here.
A tormentor and a quicksilver elemental come into view.
Found a book of Geomancy, a potion of heal wounds and a book of Flames.
The tormentor roars!
You hear a screech!
You hear a hideous shriek!
A war gargoyle comes into view. It is wielding a +2 heavy flail.
An iron giant comes into view. It is wielding a +2 heavy dire flail.
An iron golem comes into view.
Found 41 gold pieces, a glowing dagger and 8 stones.
Found two gates leading back out of this place.
Found a stone staircase leading down.
A caustic shrike comes into view.
Unknown command.
A hellion comes into view.
Found a runed long sword, a glowing buckler and a shiny ring mail.
The hellion gives a hideous shriek!
The iron giant shouts!
Unknown command.
Aiming: Smiting
Press: ? - help, Dir - move target, f - hellion Smite: a hellion You smite the hellion!!!
You kill the hellion!
Beogh accepts your kill.
Unknown command.
You pummel the tormentor!!
The tormentor decays.
The tormentor is almost dead.
You pummel the caustic shrike!!
The caustic shrike decays.
You drain the caustic shrike!
The caustic shrike is moderately wounded.
You hit the caustic shrike but do no damage.
The caustic shrike is moderately wounded.
You block the caustic shrike's attack. You block the tormentor's attack.
The tormentor misses you.
You squash the caustic shrike like an ant!!!
The caustic shrike decays.
You drain the caustic shrike!
The caustic shrike is almost dead.
You block the quicksilver elemental's attack.
You block the caustic shrike's attack.
You punch the caustic shrike!
The caustic shrike decays.
The caustic shrike is almost dead.
The quicksilver elemental hits you!
You feel your power leaking away. You block the tormentor's attack.
The tormentor completely misses you. The caustic shrike closely misses you.
Unknown command.
You pummel the caustic shrike like a punching bag!!!
You kill the caustic shrike!
Beogh accepts your kill.
The quicksilver elemental breathes dispelling energy at you.
The bolt of dispelling energy misses you.
The tormentor is no longer moving slowly.
The tormentor is no longer weakened.
The war gargoyle launches metal splinters at you.
The spray of metal splinters hits you but does no damage.
The tormentor completely misses you. x2
The iron giant throws the iron golem at you!
You hit the iron golem.
The iron golem is lightly damaged.
The tormentor hits you but does no damage.
You block the tormentor's attack. The iron golem completely misses you.
You block the iron golem's attack.
You completely miss the quicksilver elemental.
You block the quicksilver elemental's attack.
The war gargoyle hits you with a +2 heavy flail!
The iron giant throws the war gargoyle at you!
You miss the quicksilver elemental.
The quicksilver elemental breathes dispelling energy at you.
The bolt of dispelling energy misses you.
The tormentor closely misses you. You block the tormentor's attack.
You block the iron golem's attack. The iron golem hits you!!
You pummel the quicksilver elemental!!
The quicksilver elemental is moderately damaged.
The quicksilver elemental hits you but does no damage.
You block the war gargoyle's attack. You block the tormentor's attack. x2
The iron golem hits you but does no damage.
The iron golem misses you.
You pummel the iron giant like a punching bag!!!
The iron giant decays.
The iron giant is moderately wounded.
You pulverise the iron giant!!!
The iron giant decays.
The iron giant is severely wounded.
The tormentor hits you but does no damage.
You block the tormentor's attack. You block the war gargoyle's attack.
The iron giant hits you but does no damage.
The quicksilver elemental completely misses you.
You pulverise the iron giant!!!
The iron giant decays.
You drain the iron giant!
You kill the iron giant!
Beogh accepts your kill. You block the iron golem's attack.
The iron golem completely misses you. The tormentor completely misses you.
The tormentor closely misses you.
You block the quicksilver elemental's attack.
You completely miss the quicksilver elemental.
The quicksilver elemental is moderately damaged.
The war gargoyle closely misses you.
The quicksilver elemental breathes dispelling energy at you.
The bolt of dispelling energy hits you. You block the tormentor's attack.
The tormentor completely misses you. The iron golem barely misses you.
The iron golem hits you but does no damage.
You pulverise the quicksilver elemental!!!
You destroy the quicksilver elemental!
Beogh accepts your kill.
The war gargoyle hits you with a +2 heavy flail!
You barely miss the iron golem. You block the tormentor's attack. x2
The iron golem misses you. The iron golem barely misses you.
Unknown command.
You barely miss the iron golem. You block the tormentor's attack.
The tormentor closely misses you. You block the war gargoyle's attack.
You pummel the iron golem!!
The iron golem is lightly damaged.
The iron golem barely misses you. You block the iron golem's attack.
The tormentor says, "I will show you what pain is."
The tormentor closely misses you. You block the tormentor's attack.
You hit the iron golem but do no damage.
The iron golem is lightly damaged.
You block the war gargoyle's attack. The iron golem completely misses you.
The iron golem hits you but does no damage.
You hit the iron golem but do no damage.
The iron golem is lightly damaged.
You block the tormentor's attack. The tormentor completely misses you.
You pummel the iron golem!!
The iron golem is lightly damaged.
You block the war gargoyle's attack. You block the tormentor's attack.
The tormentor hits you but does no damage.
The iron golem hits you!! The iron golem closely misses you.
You punch the iron golem!
The iron golem is moderately damaged.
You block the tormentor's attack. The tormentor completely misses you.
You pulverise the iron golem!!!
The iron golem is moderately damaged.
The war gargoyle hits you with a +2 heavy flail!
The iron golem hits you but does no damage.
You block the iron golem's attack.
You punch the iron golem!
The iron golem is heavily damaged.
The tormentor misses you. You block the tormentor's attack.
You pulverise the iron golem!!!
The iron golem is heavily damaged.
The war gargoyle hits you with a +2 heavy flail!
You block the tormentor's attack. x2; You block the iron golem's attack. x2
You pulverise the iron golem!!!
The iron golem is severely damaged.
You block the tormentor's attack. The tormentor misses you.
You pulverise the iron golem!!!
The iron golem is almost destroyed.
You block the war gargoyle's attack. You block the iron golem's attack.
The iron golem hits you!!
You pummel the iron golem!!
The iron golem is almost destroyed.
You block the tormentor's attack. x2
You squash the iron golem like an ant!!!
You destroy the iron golem!
Beogh accepts your kill. The war gargoyle closely misses you.
You block the tormentor's attack. The tormentor misses you.
You closely miss the tormentor.
The tormentor is severely wounded.
You block the tormentor's attack. x2
You pulverise the tormentor!!!
You kill the tormentor!
Beogh accepts your kill. You block the war gargoyle's attack.
You pummel the war gargoyle!!
The war gargoyle is severely damaged.
You pulverise the war gargoyle!!!
You destroy the war gargoyle!
Beogh accepts your kill.
You see here a +2 heavy flail.
Things that are here:
a +2 heavy dire flail; an iron giant corpse You see here a book of Geomancy.
D - a potion of heal wounds You pick up a book of Flames and begin reading...
You add the spells Sticky Flame and Flame Wave to your library.
There is a gate leading back out of this place here.
You see here 8 stones.
There is a stone staircase leading down here.
You see here a +3 dagger of draining.
You now have 9083 gold pieces (gained 41).
There is a gate leading back out of this place here.
You see here a +0 long sword of freezing.
You see here a +2 buckler.
You see here a +2 ring mail of cold resistance.
Search for what [Enter for "zig", or ? for help]? zig You start resting.
Magic restored.
You start resting.
HP restored.
There is a stone staircase leading down here.
You see here a +3 dagger of draining.
There is an empty arch of ancient stone here.
An Ojeesounoc and a hellion come into view.
Press: ? - help, v - describe, . - travel
Here: Ojeesounoc, armed with a distorting touch (wandering, hasn't noticed you)
The floor.
Aiming: Smiting
Press: ? - help, Dir - move target, f - hellion Smite: a hellion (wandering, hasn't noticed you)
You smite the hellion!!!
The hellion gives a hideous shriek!
The hellion is almost dead.
You hear a shout!
A sun demon comes into view.
Aiming: Smiting
Press: ? - help, Dir - move target, f/p - hellion Smite: a hellion (almost dead)
You smite the hellion!!!
You kill the hellion!
Beogh accepts your kill.
You hear a chilling moan.
A demonspawn warmonger comes into view.
It is wielding a +2 demon whip of electrocution and wearing a +0 plate armour of positive energy.
A reaper comes into view. It is wielding a +5 scythe of flaming.
A demonspawn blood saint comes into view.
It is wielding a +0 dagger.
Press: ? - help, v - describe, . - travel
Here: a demonspawn blood saint, wielding a +0 dagger and wearing a +0 robe (wandering, hasn't noticed you)
The floor.
Press: ? - help, v - describe, . - travel
Here: a demonspawn warmonger, wielding a +2 demon whip of electrocution and wearing a +0 plate armour of positive energy (wandering, hasn't noticed you)
The floor.
Aiming: Smiting
Press: ? - help, Dir - move target, f - Ojeesounoc Smite: Ojeesounoc, armed with a distorting touch
Okay, then.
Aiming: Smiting
Press: ? - help, Dir - move target, f - demonspawn warmonger Smite: a demonspawn warmonger, wielding a +2 demon whip of electrocution and wearing a +0 plate armour of positive energy (wandering, hasn't noticed you)
You smite the demonspawn warmonger!!
The demonspawn warmonger shouts!
The demonspawn warmonger is lightly wounded.
The demonspawn blood saint shouts!
The demonspawn warmonger invokes the aid of its god against you.
Your magic feels tainted.
Aiming: Smiting
Press: ? - help, Dir - move target, f/p - demonspawn warmonger Smite: a demonspawn warmonger, wielding a +2 demon whip of electrocution and wearing a +0 plate armour of positive energy (lightly wounded)
You smite the demonspawn warmonger!!!
The demonspawn warmonger is heavily wounded.
You block Ojeesounoc's attack.
The demonspawn warmonger calls upon its god to speed up the demonspawn blood saint.
You barely miss Ojeesounoc. Ojeesounoc hits you.
You are cast into the Abyss!
Unknown command.
You start resting.
Your magic seems less tainted.
You start resting.
A tentacled starspawn emerges from chaos.
A lurking horror comes into view.
What are your orders? t - Shout!
Orders for allies: a - Attack new target. r - Retreat! s - Stop attacking. g - Guard the area. f - Follow me.
Anything else - Cancel.
You shout for attention!
You hear a bellow!
You hear a horrible gurgling sound! x2
A ynoxinul comes into view.
Tentacles burst from the starspawn's body! 2 starspawn tentacles come into view.
You pulverise the tentacled starspawn!!!
The tentacled starspawn is heavily damaged.
You hit the tentacled starspawn but do no damage.
The tentacled starspawn is heavily damaged.
You block the starspawn tentacle's attack.
The tentacled starspawn closely misses you.
The tentacled starspawn completely misses you.
You punch the tentacled starspawn!
The tentacled starspawn is heavily damaged.
You pulverise the tentacled starspawn!!!
You destroy the tentacled starspawn!
Beogh accepts your kill.
The starspawn's tentacles wither and die.
The ynoxinul gestures at you. The iron shot hits you!
The ynoxinul gestures.
An ancient zyme comes into view.
The ynoxinul completely misses you.
You pummel the ynoxinul like a punching bag!!!
You kill the ynoxinul!
Beogh accepts your kill.
The ufetubus disappears in a puff of smoke! x3
You block the ancient zyme's attack. The ancient zyme barely misses you.
You barely miss the ancient zyme.
You pulverise the ancient zyme!!!
You destroy the ancient zyme!
Beogh accepts your kill.
Unknown command.
The hellwing gives a chilling moan.
The hellwing swoops through the air toward you!
The hellwing completely misses you. You block the hellwing's attack.
You pummel the hellwing!!
The hellwing decays.
The hellwing is severely wounded.
You hit the hellwing but do no damage.
The hellwing is severely wounded.
You pummel the hellwing like a punching bag!!!
You kill the hellwing!
Beogh accepts your kill.
You pummel the large abomination!!
The large abomination decays.
The large abomination is moderately damaged.
You punch the large abomination!
The large abomination decays.
The large abomination is heavily damaged.
You block the large abomination's attack.
You pummel the large abomination!!
You destroy the large abomination!
Beogh accepts your kill.
Found a gateway leading out of the Abyss.
You feel a surge of unholy energy.
Unknown command.
There is a gateway leading out of the Abyss here.
You pass through the gate.
The sun demon hits you but does no damage.
You block Ojeesounoc's attack.
The demonspawn warmonger calls upon its god to speed up the demonspawn blood saint.
The demonspawn blood saint seems to speed up.
The sun demon hits you but does no damage.
Something barely misses you.
The demonspawn blood saint calls on the powers of chaos!
Ojeesounoc seems to grow stronger.
The demonspawn warmonger suddenly seems more resistant.
The sun demon seems to speed up.
The reaper seems to speed up.
Press: ? - help, v - describe, . - travel
Here: Ojeesounoc, armed with a distorting touch (strong)
The floor.
Aiming: Smiting
Press: ? - help, Dir - move target, f - Ojeesounoc Smite: Ojeesounoc, armed with a distorting touch (strong)
You smite Ojeesounoc!!!
Ojeesounoc is lightly wounded.
Ojeesounoc hits you! Space warps around you. You block the sun demon's attack.
Something hits you but does no damage.
Deactivating autopickup; reactivate with Ctrl-A.
You block Ojeesounoc's attack. The sun demon completely misses you.
Aiming: Smiting
Press: ? - help, Dir - move target, f/p - Ojeesounoc Smite: Ojeesounoc, armed with a distorting touch (lightly wounded, strong)
You smite Ojeesounoc!!!
Ojeesounoc is moderately wounded.
Something hits you!
You feel your power leaking away. Ojeesounoc hits you!!
Space warps horribly around you! You block the sun demon's attack.
Something closely misses you.
Ojeesounoc sneers, "Relinquish hope, thou frothy sheep-biting dandiprat!"
You block Ojeesounoc's attack. You block the sun demon's attack.
Aiming: Smiting
Press: ? - help, Dir - move target, f/p - Ojeesounoc Smite: Ojeesounoc, armed with a distorting touch (moderately wounded, strong)
You smite Ojeesounoc!!!
Ojeesounoc is heavily wounded.
You block Ojeesounoc's attack.
The reaper hits you from afar with a +5 scythe of flaming!
The reaper burns you. Something hits you but does no damage.
You block the sun demon's attack. Ojeesounoc closely misses you.
Aiming: Smiting
Press: ? - help, Dir - move target, f/p - Ojeesounoc Smite: Ojeesounoc, armed with a distorting touch (heavily wounded, strong)
You smite Ojeesounoc!!!
Ojeesounoc is heavily wounded.
You block the sun demon's attack. The reaper completely misses you.
Something misses you. You block Ojeesounoc's attack.
You block the demonspawn blood saint's attack.
The reaper hits you but does no damage. Something hits you but does no damage.
Aiming: Smiting
Press: ? - help, Dir - move target, f/p - Ojeesounoc Smite: Ojeesounoc, armed with a distorting touch (heavily wounded, strong)
You smite Ojeesounoc!!
Ojeesounoc is severely wounded.
Ojeesounoc hits you but does no damage. Space warps around you.
The demonspawn blood saint hits you but does no damage.
The reaper hits you but does no damage. You block something's attack.
Ojeesounoc hits you!!! Space warps horribly around you!
Aiming: Smiting
Press: ? - help, Dir - move target, f/p - Ojeesounoc Smite: Ojeesounoc, armed with a distorting touch (severely wounded, strong)
You smite Ojeesounoc!!
Ojeesounoc is severely wounded.
The demonspawn blood saint closely misses you.
You block the reaper's attack. Something hits you but does no damage.
The sun demon misses you. Ojeesounoc barely misses you.
Something closely misses you.
The demonspawn warmonger unwields a +2 demon whip of electrocution.
It stops crackling.
The demonspawn warmonger wields a +0 heavy arbalest.
The demonspawn warmonger shoots a bolt.
The bolt completely misses you.
The demonspawn blood saint completely misses you.
You block the reaper's attack. Something hits you but does no damage.
You block the sun demon's attack. You block Ojeesounoc's attack.
Aiming: Smiting
Press: ? - help, Dir - move target, f/p - Ojeesounoc Smite: Ojeesounoc, armed with a distorting touch (severely wounded, strong)
You smite Ojeesounoc!!!
Ojeesounoc is severely wounded.
The sun demon hits you but does no damage.
Something hits you but does no damage.
You block the demonspawn blood saint's attack.
You block the reaper's attack. You block Ojeesounoc's attack.
Something hits you but does no damage.
The sun demon hits you but does no damage.
Aiming: Smiting
Press: ? - help, Dir - move target, f/p - Ojeesounoc Smite: Ojeesounoc, armed with a distorting touch (severely wounded, strong)
You smite Ojeesounoc!!!
Ojeesounoc is almost dead.
You can no longer revive fallen orcs.
You block Ojeesounoc's attack.
The reaper hits you from afar with a +5 scythe of flaming!!
The reaper burns you. Something hits you but does no damage.
You block the demonspawn blood saint's attack.
You block the sun demon's attack.
The demonspawn warmonger calls down the wrath of its god upon you.
Something hits you but does no damage. Ojeesounoc closely misses you.
The demonspawn blood saint barely misses you.
You block the reaper's attack. Something barely misses you.
Aiming: Smiting
Press: ? - help, Dir - move target, f/p - Ojeesounoc Smite: Ojeesounoc, armed with a distorting touch (almost dead, strong)
You smite Ojeesounoc!!!
You kill Ojeesounoc!
Beogh accepts your kill. You block the sun demon's attack.
Something closely misses you.
The demonspawn blood saint conjures a destructive force in the name of Makhleb!
The mass of ice explodes!
The iceblast engulfs you! You partially resist.
The iceblast engulfs something!
The iceblast engulfs the demonspawn blood saint but does no damage.
The iceblast engulfs something!!
The iceblast engulfs the sun demon!!!
The sun demon is frozen!
The fireball explodes!
The fireball engulfs you! You resist.
The fireball engulfs something!!
The fireball engulfs the demonspawn blood saint.
The demonspawn blood saint completely resists.
The fireball engulfs something!!
The fireball engulfs the sun demon.
The sun demon completely resists.
You block the reaper's attack. Something completely misses you.
The demonspawn warmonger shoots a bolt.
The bolt hits you. The sun demon misses you.
Unknown command.
You produce a hideous howling noise!
You block the demonspawn blood saint's attack.
Something hits you but does no damage. You block the sun demon's attack.
You block the reaper's attack. Something misses you. The sun demon hits you!
* * * LOW HITPOINT WARNING * * *
You are engulfed in flames!
You resist.
* * * LOW HITPOINT WARNING * * *
The reaper hits you but does no damage. Something hits you but does no damage.
The demonspawn blood saint calls on the powers of chaos!
The sun demon suddenly seems more resistant.
The reaper suddenly seems more agile.
The demonspawn warmonger shoots a bolt.
The bolt hits your hell beast!!!
You pummel the demonspawn blood saint!!
The demonspawn blood saint decays.
You drain the demonspawn blood saint!
The demonspawn blood saint is heavily wounded.
The sun demon hits you but does no damage.
Something hits you!!!
* * * LOW HITPOINT WARNING * * *
You feel your power leaking away. Something hits you!!
You die...

Skill      XL: |  1  2  3  4  5  6  7  8  9 10 11 12 13 14 15 16 17 18 19 20 21 22 23 24 25 26 27 |
---------------+----------------------------------------------------------------------------------+-----
Fighting       | 4 5 6 7 8 9 10 11 12 14 15 16 17 18 19 20 | 20.0
Unarmed Combat | 4 5 6 7 8 10 11 12 13 14 16 17 18 19 20 21 25 | 25.9
Invocations    | 2 4 7 9 11 12 13 14 15 16 17 18 19 20 21 22 24 | 24.0
Armour         | 1 3 4 5 7 8 10 11 12 13 14 15 16 18 | 18.0
Dodging        | 3 4 5 6 7 8 9 10 11 15 | 15.0
Evocations     | 3 5 6 7 8 9 10 11 13 14 15 | 15.0
Shields        | 1 4 5 7 9 10 11 12 13 14 15 16 18 | 18.0
Throwing       | 5 8 17 | 17.5
Shapeshifting  | 10 15 18 23 | 23.0
Stealth        | 10 | 10.0
Translocations | 10 | 10.7
Spellcasting   | 4 |  4.8
Air Magic      | 6 |  6.7

Action                     |  1- 3 |  4- 6 |  7- 9 | 10-12 | 13-15 | 16-18 | 19-21 | 22-24 | 25-27 || total
---------------------------+-------+-------+-------+-------+-------+-------+-------+-------+-------++-------
  Melee: Unarmed           |    90 |   193 |   222 |   596 |  1066 |  1315 |  1491 |  1914 |  6686 || 13573
         Punch             |       |       |       |       |       |       |       |       |    45 ||    45
  Throw: Dart              |       |       |     6 |     1 |     2 |       |       |       |     1 ||    10
         Throwing net      |       |       |       |       |       |       |       |     2 |       ||     2
         Boomerang         |       |       |       |       |       |       |       |       |    23 ||    23
 Invoke: Convert to Beogh  |       |     1 |       |       |       |       |       |       |       ||     1
         Smiting           |       |       |     5 |    23 |    28 |    40 |    45 |    34 |   111 ||   286
         Recall Orcish Fol |       |       |       |       |    15 |    25 |    27 |    10 |    70 ||   147
         Stop Recall       |       |       |       |       |     7 |    17 |     9 |     3 |     6 ||    42
         Give Item to Name |       |       |       |       |     1 |     2 |     2 |     5 |     5 ||    15
Ability: Begin Untransform |       |       |       |       |       |       |       |       |     1 ||     1
  Evoke: Lightning rod     |       |       |       |     4 |     5 |     9 |       |       |     1 ||    19
         Condenser vane    |       |       |       |       |     2 |     1 |       |     2 |     1 ||     6
         Box of beasts     |       |       |       |       |     2 |     1 |     1 |       |       ||     4
         Phantom mirror    |       |       |       |       |     1 |     1 |     1 |       |       ||     3
         Wand              |       |       |       |       |     1 |    11 |     3 |     2 |     5 ||    22
         Horn of Geryon    |       |       |       |       |       |       |       |       |     2 ||     2
    Use: Scroll            |       |     1 |     6 |     6 |     8 |    10 |     3 |    12 |    19 ||    65
         Potion            |       |       |       |     1 |       |     6 |     5 |     3 |     2 ||    17
   Stab: Distracted        |       |       |       |     4 |    14 |    17 |     8 |    31 |    81 ||   155
         Paralysed         |       |       |       |     5 |     2 |       |       |     1 |     5 ||    13
         Confused          |       |       |       |     1 |     1 |       |       |       |     2 ||     4
         Invisible         |       |       |       |       |     1 |     1 |       |     3 |       ||     5
         Held in net/web   |       |       |       |       |       |       |       |     7 |       ||     7
         Petrifying        |       |       |       |       |       |       |       |       |     2 ||     2
         Sleeping          |       |       |       |       |       |       |       |       |    15 ||    15
 Armour: Robe              |     9 |       |       |       |       |       |       |       |       ||     9
         Ring mail         |    29 |    80 |       |       |       |    30 |       |       |       ||   139
         Scale mail        |       |    18 |     2 |       |       |       |       |       |       ||    20
         Chain mail        |       |       |   112 |   188 |   168 |  1201 |   787 |       |       ||  2456
         Swamp dragon scal |       |       |       |   235 |   459 |       |    73 |       |       ||   767
         Ice dragon scales |       |       |       |       |       |    73 |       |       |       ||    73
         Plate armour      |       |       |       |       |       |       |   196 |  1247 |  1868 ||  3311
         Skin              |       |       |       |       |       |       |       |    30 |       ||    30
         Shadow dragon sca |       |       |       |       |       |       |       |       |  2008 ||  2008
  Dodge: Dodged            |    37 |    95 |    87 |   413 |   391 |   605 |   459 |   619 |  3183 ||  5889
         Repelled          |       |       |       |       |       |     6 |       |       |       ||     6
  Block: Buckler           |       |       |       |    19 |   371 |       |       |       |       ||   390
         Reflection        |       |       |       |     1 |    14 |    47 |    71 |    16 |   101 ||   250
         Kite shield       |       |       |       |       |   172 |   827 |   821 |  1154 |  4312 ||  7286
   Form: Blade             |       |       |       |       |       |       |       |       |     2 ||     2
         Death             |       |       |       |       |       |       |       |       |     1 ||     1

Levels and vault maps discovered:
D:1:      evilmike_arrival_rings, layout_loops_ring,
          hellmonk_ecumenical_altar_crossroads, minmay_distorted
D:2:      layout_loops_ring, roderic_serpentine_path, roderic_roman_lattice,
          kennysheep_generic_room_13
D:3:      layout_basic
D:4:      layout_loops_corners, kennysheep_mini, mainiacjoe_overflow_alcove_2,
          chei_slow_surprise, mainiacjoe_overflow_brackets
D:5:      layout_loops_corners, fedhas_altar_1, kennysheep_generic_room_15
D:6:      layout_cave_pools, doesnt_xom_only_xom, grunt_temple_overflow_open,
          kennysheep_donut, bh_walls_and_bars
D:7:      layout_loops_cross, nicolae_ru_sacrificial_ziggurat,
          chequers_temple_overflow_minitemple, minmay_temple_entry_trees,
          grunt_ministairs_4
D:8:      wander_kiku_kobolds, layout_rooms, due_unseen_surprise
D:9:      minmay_polygon_palace, layout_rooms, serial_undead, serial_undead_b,
          serial_undead_f, serial_undead_f, serial_undead_b, uniq_maggie
D:10:     layout_roguey, mainiacjoe_overflow_small_starburst,
          minmay_lair_entry_grove, david_orc_1_choice, serial_ice, serial_ice_n,
          serial_ice_k, serial_ice_g, serial_ice_c, serial_ice_m, serial_ice_h,
          nicolae_trove_entry_crossroad, uniq_sonja
D:11:     layout_roguey, gauntlet_entry_generic, gammafunk_ghost_spectres,
          serial_curves, eino_curves_01, eino_curves_03, minivault_14, uniq_urug
D:12:     layout_long_grid, lemuel_zombie_altar_yredelemnul
D:13:     minmay_shrinking_squares, layout_loops_ring, david_vaults_1,
          grunt_dithmenos_shadows
D:14:     layout_roguey [special_room_orc], minmay_strange_pillars,
          gammafunk_ghost_cemetery, uniq_azrael
D:15:     grunt_enter_depths_giant_problem, layout_layer_cave, bloody_trog
Lair:1:   layout_cave_pods, infiniplex_staircase_pool_2
Lair:2:   layout_roguey [special_room_bee], nicolae_spider_entry_orb_guardian,
          nzn_random_ring, uniq_harold
Lair:3:   layout_regular_city, minmay_shoals_entry_lonely_mermaid, st_stairs_12,
          serial_bayou_shore_b, infiniplex_staircase_pool
Lair:4:   layout_gridlike, dpeg_slime_entry_enclosed, serial_rivers,
          chequers_serial_rivers_micro_d, chequers_serial_rivers_micro_c,
          chequers_serial_rivers_micro_e, chequers_serial_rivers_micro_b,
          chequers_serial_rivers_room_b, chequers_serial_rivers_large_a,
          nicolae_lair_yak_garden
Lair:5:   cheibrodos_lair_end_hotspot, layout_loops_ring,
          chequers_serial_rivers_room_b, dreamdust_mushroom_princess, uniq_snorg
Shoals:1: layout_shoals
Shoals:2: layout_shoals, nicolae_shoals_nautilus_by_nature, minmay_shop_mass
Shoals:3: layout_shoals, serial_shops, nicolae_shop_rolling_square,
          nicolae_shoals_beach_cooler
Shoals:4: shoals_end_hellmonk_lost_city
Spider:1: layout_spider_delve, hive_lemuel, uniq_asterion
Spider:2: layout_spider_delve, uniq_agnes
Spider:3: layout_spider_delve, portal_ice_cave_entry_ice_statue_one,
          spiders_nest_the_unseen
Spider:4: grunt_spider_rune_island, hangedman_spider_tarantella_strand
Slime:1:  layout_caves
Slime:2:  layout_caves
Slime:3:  layout_caves, cheibrodos_slime_lost_civilization_6
Slime:4:  layout_caves, uniq_dissolution
Slime:5:  slime_pit_nicolae_royal_road_to_ruin
Orc:1:    layout_caves, serial_shops, nicolae_shop_behind_doors
Orc:2:    grunt_orc_cross, layout_diamond_mine, uniq_josephine, uniq_donald
Elf:1:    nicolae_elf_arrival_no_cutting_in_line, layout_geoelf_diagonals,
          serial_shops, nicolae_shop_advertising_works
          [nicolae_subvault_shop_adworks], hangedman_elf_represent, minivault_16
Elf:2:    elven_hall_of_blades_hangedman_alternative
          [nicolae_blade_entry_splitting_headache], layout_geoelf_grid,
          uniq_norris
Elf:3:    minmay_elf_hall_dome, layout_geoelf_castle, mu_enter_wizlab_3,
          drop_trap, amcnicky_mini_rare_corridor_liquid
Vaults:1: hangedman_vaults_nodes, nicolae_vaults_little_squares_1,
          nicolae_vaults_weapon_check, v_pattern_5, nicolae_vaults_alarming,
          st_octagons_1, hangedman_vaults_locks,
          nicolae_vaults_yaktaur_gun_rack, ontoclasm_vaults_ring_square,
          vaults_dpeg_spiral, nicolae_vaults_shelves_hall,
          grunt_vaults_hallway_short, layout_vaults_maze_bifur, serial_glass
Vaults:2: v_misc_15, nicolae_vaults_trapezoid_lopsided_2, v_pattern_4,
          vaults_dpeg_cross, nicolae_vaults_bisected_exclaves, v_misc_14,
          ontoclasm_vaults_ring_small, layout_vaults_omnicross, serial_shops,
          statue_bzr
Vaults:3: v_misc_23, hangedman_vaults_restitches, vaults_mumra_hexcomb,
          nicolae_vaults_more_shelving_1, vaults_dpeg_hooks,
          nicolae_vaults_mini_display_case, v_misc_33, nicolae_vaults_little_ls,
          nicolae_vaults_storage_closets_1, blue_anna_dwarven_crypt,
          nicolae_vaults_security_offices_6,
          nicolae_vaults_trapezoid_lopsided_4, layout_vaults_ring, serial_shops,
          nicolae_shop_peninsula, shop, shop
Vaults:4: nicolae_vaults_stairing_the_circle, nicolae_vaults_diamond_1,
          nicolae_vaults_turnstiles, nicolae_vaults_angled_halls,
          nicolae_vaults_closet_pinwheel_3, nicolae_vaults_crenellated_ambush,
          nicolae_vaults_big_angled_halls, nicolae_vaults_apartment_2,
          layout_vaults_omnigrid, serial_shops, shop, uniq_zenata, uniq_sojobo
Vaults:5: serial_shops, uniq_margery, uniq_jory
Crypt:1:  layout_catacombs, ebering_dispersal_statue_hall,
          grunt_crypt_arrival_split, uniq_boris, uniq_bai_suzhen
Crypt:2:  layout_misc_corridors
Crypt:3:  due_elkab, layout_chaotic_city, ebering_ghost_inner_flame,
          feat_on_display, uniq_vv
Tomb:1
Depths:1: layout_cave_pools, enter_ziggurat_b, lemuel_crystal_altar, hell_entry,
          kilobyte_mutagenic_chamber
Depths:2: cheibrodos_hall_of_evolution, layout_cave_pools, serial_shops, shop,
          hellmouth_1, pan_entry, nrook_uturn, infiniplex_staircase_zigzag_3,
          serial_bayou_shore_b
Depths:3: nzn_winding_woodlands_cross [nzn_winding_woodlands_5x15_longhouse,
          nzn_winding_woodlands_5x15_cabin, nzn_winding_woodlands_5x15_garden,
          nzn_winding_woodlands_5x15_parted,
          nzn_winding_woodlands_15x15_five_gardens], layout_cave_shapes,
          moated_statue, pf_coc_iceberg, minmay_room_of_horrors, pan_entry,
          minmay_checkered_concentric_circles, infiniplex_staircase_zigzag_1
Depths:4: evilmike_zot_entry_diamond, layout_long_grid,
          nicolae_abyss_entry_one_way_or_another, gammafunk_ghost_split,
          dk_noncrumbling_3, grunt_mini_vestibule,
          nicolae_sif_muna_little_library
Hell
Zot:1:    layout_cathedral_of_symmetry, grunt_megastairs_2
Zot:2:    nicolae_zot_stationary_front, layout_cathedral_of_symmetry
Zot:3:    gammafunk_mikee_crab_dinner, layout_misc_corridors
Zot:4:    layout_basic, hangedman_player_shredder, uniq_josephina, uniq_parghit
Zot:5:    layout_gridlike, st_stairs_12
Zig:7

Notes
Turn   | Place    | Note
-------+----------+-------------------------------------------
     0 | D:1      | scionoferis the Hill Orc Monk began the quest for the Orb.
     0 | D:1      | Reached XP level 1. HP: 19/19 MP: 1/1
   184 | D:1      | Reached XP level 2. HP: 19/27 MP: 2/2
   326 | D:1      | Reached skill level 4 in Fighting
   383 | D:1      | Reached skill level 4 in Unarmed Combat
   437 | D:1      | Found a faded altar of an unknown god.
   628 | D:1      | Reached XP level 3. HP: 27/33 MP: 3/3
  1163 | D:2      | Reached XP level 4. HP: 36/41 MP: 4/4
  1362 | D:2      | Reached skill level 5 in Unarmed Combat
  2371 | D:3      | Reached XP level 5. HP: 47/47 MP: 5/5
  2949 | D:4      | Reached skill level 5 in Fighting
  3206 | D:4      | Reached skill level 6 in Unarmed Combat
  3283 | D:4      | Found a snail-covered altar of Cheibriados.
  3291 | D:4      | Reached XP level 6. HP: 56/56 MP: 6/6
  3376 | D:4      | Found a shadowy altar of Dithmenos.
  3443 | D:4      | Found a radiant altar of Vehumet.
  4030 | D:4      | Noticed an orc warrior
  4031 | D:4      | Became a worshipper of Beogh the Brigand
  4031 | D:4      | Reached * piety under Beogh
  4031 | D:4      | Reached ** piety under Beogh
  4377 | D:4      | Found a burning altar of Makhleb.
  4522 | D:5      | Entered Level 5 of the Dungeon
  4530 | D:5      | Reached skill level 1 in Invocations
  4590 | D:5      | Reached skill level 2 in Invocations
  4615 | D:5      | Noticed a water moccasin
  4625 | D:5      | Killed a water moccasin
  4626 | D:5      | Reached skill level 6 in Fighting
  4626 | D:5      | Reached skill level 7 in Unarmed Combat
  4626 | D:5      | Reached XP level 7. HP: 54/63 MP: 7/9
  4698 | D:5      | Reached skill level 3 in Invocations
  4872 | D:5      | Found a blossoming altar of Fedhas.
  5228 | D:5      | Reached skill level 1 in Armour
  5228 | D:5      | Reached skill level 4 in Invocations
  5804 | D:5      | Reached XP level 8. HP: 71/71 MP: 11/11
  5868 | D:6      | Found a stormy altar of Qazlal.
  5957 | D:6      | Reached skill level 2 in Armour
  5957 | D:6      | Reached skill level 5 in Invocations
  6117 | D:6      | Found an ornate altar of the Wu Jian Council.
  6124 | D:6      | Found a shimmering altar of Xom.
  6124 | D:6      | Found a shimmering altar of Xom.
  6137 | D:6      | Reached skill level 8 in Unarmed Combat
  6140 | D:6      | Found a snail-covered altar of Cheibriados.
  6140 | D:6      | Found a hide-covered altar of Uskayaw.
  6140 | D:6      | Found a radiant altar of Vehumet.
  6338 | D:6      | Noticed a troll
  6427 | D:6      | Found a glowing silver altar of Zin.
  6535 | D:6      | Reached skill level 6 in Invocations
  6629 | D:7      | Reached skill level 7 in Fighting
  6806 | D:7      | Reached skill level 3 in Armour
  6833 | D:7      | Found a staircase to the Ecumenical Temple.
  6853 | D:7      | Got a tattered book
  6873 | D:7      | Reached skill level 7 in Invocations
  6873 | D:7      | Reached XP level 9. HP: 79/79 MP: 14/14
  6922 | D:7      | Noticed a two-headed ogre
  6977 | D:7      | Reached skill level 9 in Unarmed Combat
  7237 | D:7      | Found a sacrificial altar of Ru.
  7375 | D:7      | Found a faded altar of an unknown god.
  7375 | D:7      | Found a faded altar of an unknown god.
  7390 | D:7      | Found an iron altar of Okawaru.
  7392 | D:7      | Found a basalt altar of Yredelemnul.
  7394 | D:7      | Found an ornate altar of the Wu Jian Council.
  7494 | D:7      | Killed a two-headed ogre
  7495 | D:7      | Reached skill level 4 in Armour
  7495 | D:7      | Reached skill level 8 in Invocations
  7837 | D:6      | Killed a troll
  7838 | D:6      | Reached skill level 8 in Fighting
  7945 | D:7      | Reached skill level 10 in Unarmed Combat
  8138 | D:8      | Identified a +2 robe of resistance
  8149 | D:7      | Reached skill level 9 in Invocations
  8210 | D:7      | Reached XP level 10. HP: 61/87 MP: 15/17
  8453 | D:8      | Reached skill level 5 in Armour
  8523 | D:8      | Paralysed by a hornet for 1 turns
  9062 | D:8      | Reached skill level 10 in Invocations
  9205 | D:8      | Reached *** piety under Beogh
  9228 | D:8      | Noticed a kobold demonologist
  9242 | D:8      | Killed a kobold demonologist
  9374 | D:8      | Reached skill level 11 in Unarmed Combat
  9395 | D:8      | Found an ancient bone altar of Kikubaaqudgha.
  9756 | D:9      | Reached skill level 9 in Fighting
 10002 | D:9      | Reached skill level 3 in Dodging
 10241 | D:9      | Reached skill level 11 in Invocations
 10536 | D:9      | Reached XP level 11. HP: 93/97 MP: 19/19
 10573 | D:9      | Reached skill level 6 in Armour
 10583 | D:9      | Gained Wulfoc as an ally
 10816 | D:9      | Reached skill level 1 in Evocations
 11011 | D:9      | Noticed Maggie
 11015 | D:9      | Killed Maggie
 11222 | D:10     | Entered Level 10 of the Dungeon
 11302 | D:10     | Found a white marble altar of Elyvilon.
 11418 | D:10     | Reached skill level 4 in Dodging
 11426 | D:10     | Reached skill level 2 in Evocations
 11512 | D:10     | Found a staircase to the Lair.
 11536 | D:10     | Reached skill level 10 in Fighting
 11849 | D:10     | Found a staircase to the Orcish Mines.
 11875 | D:10     | Gained Thorok as an ally
 11988 | D:10     | Noticed a two-headed ogre
 11996 | D:10     | Killed a two-headed ogre
 12171 | D:10     | Reached skill level 7 in Armour
 12458 | D:10     | Reached skill level 3 in Evocations
 12656 | D:10     | Reached skill level 12 in Unarmed Combat
 12726 | D:10     | Your ally Thorok died
 12765 | D:10     | Reached skill level 1 in Shields
 12873 | D:10     | Reached **** piety under Beogh
 12874 | D:10     | Reached skill level 12 in Invocations
 12890 | D:10     | Noticed Sonja
 12892 | D:10     | Killed Sonja
 12898 | D:10     | Found a portal to a secret trove of treasure.
 13036 | D:10     | Reached XP level 12. HP: 77/108 MP: 21/21
 13344 | D:11     | Found a gate leading to a gauntlet.
 13357 | Gauntlet | Entered a Gauntlet
 13357 | Gauntlet | Found a transporter.
 13366 | Gauntlet | Found a transporter.
 13382 | Gauntlet | Found a transporter.
 13386 | Gauntlet | Found a transporter.
 13404 | Gauntlet | Found a transporter.
 13417 | Gauntlet | Found a transporter.
 13417 | Gauntlet | Noticed a death yak
 13419 | Gauntlet | Noticed a death yak
 13422 | Gauntlet | Found a transporter.
 13422 | Gauntlet | Noticed a death yak
 13426 | Gauntlet | Found a transporter.
 13449 | Gauntlet | Found a transporter.
 13457 | Gauntlet | Found a transporter.
 13457 | Gauntlet | Found a transporter.
 13461 | Gauntlet | Noticed a hell beast
 13462 | Gauntlet | Noticed a catoblepas
 13465 | Gauntlet | Found a transporter.
 13508 | Gauntlet | Noticed a quicksilver ooze
 13554 | Gauntlet | Killed a hell beast
 13555 | Gauntlet | Reached skill level 2 in Shields
 13656 | Gauntlet | Identified the ring "Qikhizy" {rPois rCorr MP+9}
 13662 | Gauntlet | Identified the +9 hand axe of Veklurch {freeze, rF+ rN+
                  | Int+4}
 13675 | Gauntlet | Killed a death yak
 13677 | Gauntlet | Killed a death yak
 13678 | Gauntlet | Reached skill level 5 in Dodging
 13679 | Gauntlet | Killed a death yak
 13680 | Gauntlet | Reached skill level 4 in Evocations
 13692 | Gauntlet | Identified the +9 hand axe of Foubluic {flame, rElec Int+3}
 13732 | Gauntlet | Noticed a minotaur
 13742 | Gauntlet | Killed a minotaur
 13743 | Gauntlet | Reached skill level 11 in Fighting
 13743 | Gauntlet | Reached skill level 3 in Shields
 14030 | D:11     | Noticed Urug
 14036 | D:11     | Killed Urug
 14037 | D:11     | Reached skill level 8 in Armour
 14229 | D:11     | Found a runed translucent gate.
 14230 | D:11     | Found a runed translucent gate.
 14230 | D:11     | Found a runed translucent gate.
 14236 | D:11     | Noticed LobsterGuardian's ghost (journeyman HuIE)
 14483 | D:11     | Noticed a two-headed ogre
 14487 | D:11     | Killed a two-headed ogre
 14837 | D:12     | Noticed a two-headed ogre
 14921 | D:11     | Killed a two-headed ogre
 15120 | D:11     | Reached skill level 4 in Shields
 15397 | D:12     | Reached skill level 5 in Evocations
 15413 | D:12     | Found a basalt altar of Yredelemnul.
 15506 | D:12     | Reached skill level 13 in Invocations
 16036 | D:11     | Reached skill level 13 in Unarmed Combat
 16048 | D:11     | Killed LobsterGuardian's ghost
 16049 | D:11     | Reached XP level 13. HP: 98/117 MP: 20/22
 16175 | Lair:1   | Entered Level 1 of the Lair of Beasts
 16303 | Lair:1   | Reached skill level 5 in Shields
 16618 | Lair:1   | Reached skill level 9 in Armour
 16732 | Lair:1   | Reached skill level 12 in Fighting
 17268 | Lair:2   | Reached skill level 6 in Evocations
 17638 | Lair:2   | Noticed Harold
 17648 | Lair:2   | Killed Harold
 17766 | Lair:2   | Reached skill level 14 in Unarmed Combat
 17930 | Lair:2   | Found the +10 dark maul {heavy}
 18214 | Lair:2   | Reached skill level 14 in Invocations
 18455 | Lair:2   | Found a hole to the Spider Nest.
 18863 | Lair:2   | Reached skill level 10 in Armour
 19083 | Lair:3   | Gained Ortolf as an ally
 19161 | Lair:3   | Reached XP level 14. HP: 98/127 MP: 24/24
 19288 | Lair:3   | Reached skill level 15 in Unarmed Combat
 19303 | Lair:3   | Reached skill level 13 in Fighting
 19881 | Lair:3   | Reached skill level 6 in Shields
 20173 | Lair:3   | Found a staircase to the Shoals.
 21513 | Lair:4   | Found a viscous altar of Jiyva.
 21513 | Lair:4   | Found a staircase to the Slime Pits.
 21773 | Lair:5   | Entered Level 5 of the Lair of Beasts
 21781 | Lair:5   | Reached skill level 15 in Invocations
 21785 | Lair:5   | Reached ***** piety under Beogh
 21800 | Lair:5   | Gained Gorg as an ally
 22041 | Lair:5   | Noticed Snorg
 22049 | Lair:5   | Killed Snorg
 22197 | Lair:5   | Reached skill level 7 in Shields
 22530 | Lair:5   | Reached skill level 16 in Unarmed Combat
 22869 | Lair:5   | Gained Zartorak as an ally
 23221 | Lair:5   | Found a large runed translucent door.
 23222 | Lair:5   | Found a large runed translucent door.
 23404 | Lair:5   | Reached skill level 14 in Fighting
 23404 | Lair:5   | Reached XP level 15. HP: 84/138 MP: 26/26
 24211 | Orc:1    | Entered Level 1 of the Orcish Mines
 24516 | Orc:1    | Found Ydaixt's Antique Armour Shop.
 24519 | Orc:1    | Bought a pair of embroidered boots for 180 gold pieces
 24647 | Orc:2    | Entered Level 2 of the Orcish Mines
 24820 | Orc:2    | Noticed an orc warlord
 24834 | Orc:2    | Killed Josephine
 24835 | Orc:2    | Reached skill level 8 in Shields
 24835 | Orc:2    | HP: 12/138 [orc warlord/+5 great sword of holy wrath (42)]
 24839 | Orc:2    | Killed an orc warlord
 25132 | Orc:2    | Noticed Nergalle
 25139 | Orc:2    | Killed Nergalle
 25170 | Orc:1    | Gained Wardok as an ally
 25324 | Orc:2    | Found a roughly hewn altar of Beogh.
 25510 | Orc:2    | Found a staircase to the Elven Halls.
 25581 | Orc:2    | Noticed Donald
 25584 | Orc:2    | Killed Donald
 25725 | Orc:2    | Found Mewatroz's General Store.
 25867 | Orc:2    | Found Imasilyn's Antique Armour Emporium.
 25873 | Orc:2    | Bought a pair of embroidered boots for 210 gold pieces
 25873 | Orc:2    | Bought an embroidered scarf for 224 gold pieces
 25873 | Orc:2    | Bought a glowing scarf for 224 gold pieces
 25897 | Orc:2    | Found Moasuj's Antique Weapon Emporium.
 25913 | Orc:2    | Found Detus's Jewellery Emporium.
 25920 | Orc:2    | Bought a ring of see invisible for 240 gold pieces
 25987 | Orc:1    | Bought a glowing chain mail for 180 gold pieces
 26171 | D:13     | Reached skill level 16 in Invocations
 26179 | D:13     | Reached skill level 17 in Unarmed Combat
 26316 | D:13     | Found a gate to the Vaults.
 26546 | D:13     | Found a shadowy altar of Dithmenos.
 27076 | D:13     | Noticed a fire giant
 27087 | D:13     | Killed a fire giant
 27756 | D:14     | Found a runed translucent gate.
 27756 | D:14     | Found a runed translucent gate.
 27757 | D:14     | Found a runed translucent gate.
 27758 | D:14     | Noticed Otiejusm's ghost (journeyman GnIE)
 27758 | D:14     | Noticed Qymaymp's ghost (adept GrEE)
 28092 | D:14     | Noticed Azrael
 28108 | D:14     | Killed Azrael
 28328 | D:14     | Reached skill level 9 in Shields
 28840 | D:15     | Entered Level 15 of the Dungeon
 28849 | D:15     | Your ally Zartorak died
 28851 | D:15     | Your ally Wulfoc died
 28867 | D:15     | Found a bloodstained altar of Trog.
 29069 | D:15     | Reached skill level 15 in Fighting
 29121 | D:15     | Found a staircase to the Depths.
 29136 | D:15     | Reached XP level 16. HP: 138/149 MP: 28/28
 29155 | D:15     | Reached skill level 6 in Dodging
 30621 | D:14     | Killed Otiejusm's ghost
 30641 | D:14     | Killed Qymaymp's ghost
 30939 | D:14     | Identified the +6 shortbow "Xuwnip" {freeze, rF- Will+++
                  | Dex+4}
 31429 | Spider:1 | Entered Level 1 of the Spider Nest
 31775 | Spider:1 | Noticed Asterion
 31779 | Spider:1 | Killed Asterion
 31780 | Spider:1 | Reached skill level 11 in Armour
 31794 | Spider:1 | Your ally Ortolf died
 33084 | Spider:2 | Gained Marbaugh as an ally
 33090 | Spider:2 | Reached skill level 17 in Invocations
 33227 | Spider:2 | Got a humming book
 33343 | Spider:2 | Noticed Agnes
 33349 | Spider:2 | Killed Agnes
 33721 | Spider:2 | Reached skill level 10 in Shields
 33752 | Spider:3 | Reached skill level 7 in Evocations
 33806 | Spider:3 | Your ally Wardok died
 33852 | Spider:3 | Found a frozen archway.
 33886 | IceCv    | Entered an ice cave
 34423 | IceCv    | Gained Borgoth as an ally
 34544 | IceCv    | Reached XP level 17. HP: 127/158 MP: 29/29
 34544 | IceCv    | Your ally Borgoth died
 34748 | IceCv    | Reached skill level 7 in Dodging
 34813 | IceCv    | Reached skill level 18 in Unarmed Combat
 35028 | IceCv    | Got a rare book
 35569 | Spider:3 | Reached skill level 16 in Fighting
 35681 | Spider:2 | Reached skill level 12 in Armour
 36648 | Spider:4 | Entered Level 4 of the Spider Nest
 36712 | Spider:4 | Reached skill level 8 in Evocations
 37333 | Spider:4 | Gained Zartorak as an ally
 37371 | Spider:4 | Reached skill level 11 in Shields
 38136 | Spider:4 | Identified the +1 ring mail of Summertime {-Tele rElec
                  | Will++ Regen+}
 38169 | Spider:4 | Gained Norbak as an ally
 38799 | Spider:4 | Got a gossamer rune of Zot
 39221 | Shoals:1 | Entered Level 1 of the Shoals
 39303 | Shoals:1 | Found the +5 robe of Misfortune {Harm *Corrode *Slow EV+5}
 39412 | Shoals:1 | Reached skill level 18 in Invocations
 40830 | Shoals:2 | Found Yfahoxecw's Mass Market.
 40838 | Shoals:2 | Reached XP level 18. HP: 165/168 MP: 31/31
 40977 | Shoals:2 | Gained Boldo as an ally
 41599 | Shoals:3 | Found Maus's Magic Scroll Emporium.
 41609 | Shoals:3 | Bought a scroll of blinking for 127 gold pieces
 41663 | Shoals:3 | Gained Hilgar as an ally
 41676 | Shoals:3 | Found a runed translucent gate.
 41694 | Shoals:3 | Found a runed translucent gate.
 41697 | Shoals:3 | Found a runed translucent gate.
 41714 | Shoals:3 | Reached skill level 8 in Dodging
 42554 | Shoals:4 | Entered Level 4 of the Shoals
 42817 | Shoals:4 | Reached skill level 9 in Evocations
 42937 | Shoals:4 | Reached ****** piety under Beogh
 42995 | Shoals:4 | Reached skill level 13 in Armour
 43038 | Shoals:4 | Your ally Boldo died
 43043 | Shoals:4 | Your ally Norbak died
 43052 | Shoals:4 | Your ally Hilgar died
 43657 | Shoals:4 | Reached skill level 17 in Fighting
 43774 | Shoals:4 | Got a barnacled rune of Zot
 43835 | Shoals:4 | Paralysed by a sphinx for 2 turns
 43843 | Shoals:4 | Paralysed by a sphinx for 5 turns
 43916 | Shoals:4 | Paralysed by a sphinx for 5 turns
 44682 | Shoals:4 | Reached skill level 12 in Shields
 45022 | D:9      | Identified a scroll of acquirement
 45022 | D:9      | Acquired the +0 cloak of Noasikon {rC+ Will+ Dex+5}
 45583 | Shoals:3 | Identified the ring "Cizoolal" {rF+ Will+}
 45994 | Vaults:1 | Entered Level 1 of the Vaults
 47222 | Vaults:1 | Identified the +0 arbalest "Xoann" {drain, Will+ Str-4
                  | Dex+7 Stlth-}
 47370 | Vaults:1 | Reached skill level 19 in Unarmed Combat
 47639 | Vaults:1 | Reached XP level 19. HP: 177/177 MP: 32/32
 47867 | Vaults:1 | Gained Spirok as an ally
 47914 | Vaults:1 | Your ally Spirok died
 48192 | Vaults:1 | Identified the +2 dire flail of Idebbuap {flame, *Noise rC+
                  | Int+3 Dex+6}
 48270 | Vaults:1 | Identified the +11 scimitar "Pifriqid" {protect, *Rage
                  | Dex+8}
 48289 | Vaults:1 | Reached skill level 19 in Invocations
 48289 | Vaults:1 | Reached skill level 10 in Evocations
 48448 | Vaults:1 | Paralysed by a formless jellyfish for 1 turns
 48629 | Vaults:1 | Reached skill level 9 in Dodging
 48874 | Vaults:2 | Identified the +4 morningstar of Qolat {flame, rElec rN+
                  | Str+3 Int-3}
 49687 | Vaults:2 | Found a gateway to a bazaar.
 49728 | Vaults:2 | Reached skill level 14 in Armour
 50152 | Vaults:2 | Identified the +1 robe "Engu" {rPois Int+4}
 51051 | Vaults:3 | Reached skill level 13 in Shields
 51154 | Vaults:2 | Reached skill level 18 in Fighting
 51194 | Vaults:2 | Gained Bogdan as an ally
 51744 | Vaults:3 | Found Zirup's General Store.
 51805 | Vaults:3 | Identified the ring of the Purple Skies {rN+ rCorr SInv}
 52102 | Vaults:3 | Found a staircase to the Crypt.
 52240 | Vaults:3 | Found Uttugraoty's Antique Armour Emporium.
 52506 | Vaults:3 | Found Hahygenn's Book Emporium.
 52698 | Vaults:4 | Identified a scarf of resistance
 52726 | Vaults:3 | Gained Dorog as an ally
 52785 | Vaults:3 | Gained Ugbert as an ally
 53227 | Vaults:4 | Noticed Zenata
 53248 | Vaults:3 | Reached XP level 20. HP: 168/187 MP: 33/33
 53277 | Vaults:3 | Killed Zenata
 54433 | Vaults:4 | Reached skill level 11 in Evocations
 56249 | Vaults:4 | Noticed Sojobo
 56254 | Vaults:4 | Killed Sojobo
 56491 | Vaults:4 | Found Puwoosto's Assorted Antiques.
 56806 | Bazaar   | Entered a bazaar
 56808 | Bazaar   | Found Qoichirr's Assorted Antiques.
 56812 | Bazaar   | Bought a vibrating silver ring for 60 gold pieces
 56812 | Bazaar   | Identified the ring "Weudweli" {Wiz Int+3} (You bought it
                  | in a shop in a bazaar)
 56812 | Bazaar   | Found Igasug's Antique Weapon Boutique.
 56812 | Bazaar   | Found Qaut's Weapon Boutique.
 56813 | Bazaar   | Found Ezoz's Armour Boutique.
 56841 | Bazaar   | Bought a potion of might for 48 gold pieces
 56841 | Bazaar   | Bought a wand of iceblast (3) for 86 gold pieces
 57452 | Vaults:3 | Bought a pitted chain mail for 275 gold pieces
 57452 | Vaults:3 | Identified the +5 chain mail of Duty {Contam Rampage rElec
                  | Dex+3} (You bought it in a shop on level 3 of the Vaults)
 57466 | Vaults:3 | Bought a pair of embroidered gloves for 217 gold pieces
 58115 | Elf:1    | Entered Level 1 of the Elven Halls
 58412 | Elf:1    | Upgraded the game from 0.31-a0-819-gf6de2f5ab6 to
                  | 0.31-a0-833-gc15d34cb79
 58602 | Elf:1    | Reached skill level 10 in Dodging
 58650 | Elf:1    | Found Serch's Antique Armour Boutique.
 58662 | Elf:1    | Bought a pair of glowing gloves for 142 gold pieces
 58662 | Elf:1    | Bought a pair of glowing boots for 142 gold pieces
 58689 | Elf:1    | Reached skill level 20 in Invocations
 58924 | Elf:1    | Reached skill level 15 in Armour
 59256 | Elf:1    | Gained Nordag as an ally
 59260 | Elf:1    | Gained Korbok as an ally
 59597 | Elf:2    | Identified the +0 pair of gloves "Zushid" {Contam Str-4
                  | Int+8}
 59647 | Elf:2    | Reached skill level 14 in Shields
 59771 | Elf:2    | Reached skill level 20 in Unarmed Combat
 59784 | Elf:2    | Found a large runed translucent door.
 59784 | Elf:2    | Found a large runed translucent door.
 59806 | Elf:2    | Found a large runed translucent door.
 59806 | Elf:2    | Found a large runed translucent door.
 60164 | Elf:3    | Entered Level 3 of the Elven Halls
 60256 | Elf:3    | Found a magical portal.
 60272 | WizLab   | Entered Iskenderun's Mystic Tower
 60904 | WizLab   | Reached skill level 19 in Fighting
 60992 | WizLab   | Reached XP level 21. HP: 198/198 MP: 32/35
 61677 | WizLab   | Reached skill level 12 in Evocations
 61919 | WizLab   | Identified a +0 robe of the Archmagi
 61934 | WizLab   | Got a moldy book
 61934 | WizLab   | Got a fuliginous book
 61951 | WizLab   | Got a vibrant book
 61951 | WizLab   | Got a droning book
 62493 | Elf:3    | Paralysed by an air elemental for 1 turns
 62554 | Elf:3    | Paralysed by an air elemental for 1 turns
 63115 | Elf:3    | Your ally Dorog died
 63315 | Elf:3    | Identified the +9 scale mail of Refuge {rN++ rCorr Str+3}
 63522 | Elf:3    | Identified the ring "Uleadem" {rElec rPois rC+ rN+ Str+4}
 63628 | Elf:3    | Found the crystal ball of Wucad Mu {*channel}
 63630 | Elf:3    | Identified the +1 ring mail of Seobb {Int+3}
 63631 | Elf:3    | Identified the +3 halberd of the Blue God {venom, rElec
                  | Str+6 Dex-4}
 63637 | Elf:3    | Identified the ring "Raceli" {rPois Will+ Str+3 Int+2}
 63643 | Elf:3    | Got a ragged book
 63652 | Elf:3    | Identified the ring of Bucik {rC+ Will+}
 63682 | Elf:3    | Identified the +9 plate armour of the Burning Gods {Str+3
                  | Int+4 Dex+3 SInv}
 64410 | Elf:2    | Reached skill level 21 in Invocations
 64616 | Elf:2    | Noticed Norris
 64620 | Elf:2    | Killed Norris
 64623 | Elf:2    | Reached skill level 15 in Shields
 65613 | Depths:1 | Entered Level 1 of the Depths
 65909 | Depths:1 | Found a basalt altar of Yredelemnul.
 66082 | Depths:1 | Found a one-way gateway to a ziggurat.
 66228 | Depths:1 | Found a gateway to Hell.
 66550 | Depths:1 | Identified the +0 orcbow of Xuvil {freeze, Stlth+}
 66552 | Depths:1 | Gained mutation: Your body sometimes deteriorates upon
                  | taking damage. [mutagenic glow]
 66731 | Depths:2 | Reached skill level 13 in Evocations
 66733 | Depths:2 | Found Gumpokor's Book Boutique.
 67289 | Spider:1 | Identified the +1 scale mail of the Hanged Man {rC+}
 67944 | Depths:2 | Reached XP level 22. HP: 191/209 MP: 31/36
 68095 | Depths:2 | Identified the +1 falchion "Puxogrof" {heavy, Dex+2}
 68112 | Depths:2 | Reached skill level 20 in Fighting
 68429 | D:10     | You paid a toll of a +5 demon blade to enter a treasure
                  | trove
 68430 | Trove    | Entered a treasure trove
 68435 | Trove    | Found the +6 arbalest "Damnation" {damnation}
 68435 | Trove    | Found the +2 cloak of the Thief {*Fog Slay-2 SInv Stlth+}
 68444 | Trove    | Identified the +6 double sword "Gelevuci" {vamp, rN++ MP+9
                  | Str-5}
 68448 | Trove    | Identified the amulet of Pitiulu {RegenMP rF+ Will- Str+3}
 68452 | Trove    | Identified the +2 pair of boots "Ugewnetu" {rC+}
 70152 | Depths:2 | Reached skill level 1 in Throwing
 70171 | Depths:2 | Noticed a juggernaut
 70179 | Depths:2 | Killed a juggernaut
 70256 | Depths:2 | Identified the +6 short sword "Killer Bee's Curse" {flame,
                  | rC+ rN++ Int-2}
 70322 | Depths:2 | Found a one-way gate leading to the halls of Pandemonium.
 70729 | Depths:2 | Reached skill level 2 in Throwing
 70732 | Depths:2 | Gained Boderik as an ally
 70918 | Depths:3 | Your ally Boderik died
 70951 | Depths:2 | Reached skill level 21 in Unarmed Combat
 71030 | Depths:3 | Your ally Bogdan died
 71136 | Depths:3 | Noticed a juggernaut
 71176 | Depths:3 | Killed a juggernaut
 71177 | Depths:3 | Reached skill level 3 in Throwing
 71927 | Depths:3 | Reached skill level 4 in Throwing
 72195 | Depths:3 | Found a one-way gate to the infinite horrors of the Abyss.
 72268 | Depths:3 | Gained Orkwin as an ally
 72499 | Depths:3 | Identified the +4 morningstar of Boibont {flame, Str+2}
 72694 | Depths:3 | Identified the +0 robe "Ciduloic" {Harm Fly Will+++ Str-5}
 72901 | Depths:4 | Entered Level 4 of the Depths
 73216 | Depths:4 | Found a runed translucent gate.
 73217 | Depths:4 | Found a runed translucent gate.
 73221 | Depths:4 | Noticed WeeknightWizard's ghost (veteran DEFE)
 73230 | Depths:4 | Found a runed translucent gate.
 73244 | Depths:4 | Noticed a juggernaut
 73289 | Depths:3 | Killed a juggernaut
 73290 | Depths:3 | Reached skill level 5 in Throwing
 73475 | Depths:4 | Reached skill level 22 in Invocations
 73617 | Depths:4 | Found a gate to the Realm of Zot.
 73806 | Depths:3 | Reached XP level 23. HP: 201/215 MP: 33/38
 74175 | Depths:4 | Found a shimmering blue altar of Sif Muna.
 74220 | Depths:4 | Identified the +0 leather armour of Makhleb's Indignation
                  | {rF++ Int+3}
 74284 | Depths:4 | Noticed Louise
 74298 | Depths:4 | Killed Louise
 74382 | Depths:4 | Reached skill level 16 in Armour
 74387 | Depths:4 | Reached skill level 6 in Throwing
 74390 | Depths:4 | Gained Arbeogh as an ally
 74775 | Depths:4 | Identified a potion of resistance
 74798 | Depths:4 | Reached skill level 16 in Shields
 75632 | Crypt:1  | Entered Level 1 of the Crypt
 75672 | Crypt:1  | Noticed Bai Suzhen
 75677 | Crypt:1  | Killed Bai Suzhen
 75678 | Crypt:1  | Reached skill level 11 in Dodging
 76019 | Crypt:1  | Noticed Boris
 76026 | Crypt:1  | Killed Boris
 76163 | Crypt:1  | Reached skill level 14 in Evocations
 77341 | Crypt:1  | Reached skill level 7 in Throwing
 77393 | Crypt:2  | Noticed a curse skull
 77398 | Crypt:2  | Killed a curse skull
 77403 | Crypt:2  | Gained Hawl as an ally
 77647 | Crypt:2  | Identified the ring of the Establishment {Ice rN+}
 77747 | Crypt:2  | Noticed Boris
 77757 | Crypt:2  | Killed Boris
 78505 | Crypt:3  | Entered Level 3 of the Crypt
 78527 | Crypt:3  | Noticed a curse skull
 78706 | Crypt:2  | Killed a curse skull
 78895 | Crypt:3  | Found a staircase to the Tomb.
 79078 | Crypt:3  | Noticed Vv
 79088 | Crypt:3  | Noticed a curse skull
 79140 | Crypt:3  | Reached skill level 8 in Throwing
 79537 | Crypt:3  | Killed a curse skull
 79800 | Crypt:3  | Reached XP level 24. HP: 208/221 MP: 30/38
 79985 | Crypt:3  | Killed Vv
 80254 | Crypt:3  | Found a runed translucent door.
 80254 | Crypt:3  | Noticed Zogul's ghost (veteran MiGl)
 80505 | Crypt:3  | Noticed a royal mummy
 80523 | Crypt:3  | Killed a royal mummy
 81780 | Crypt:3  | Identified the ring of Nihilism {rF+ rN+ Str+3 Dex+2}
 81780 | Crypt:3  | Identified the ring "Syzuzod" {rN+ Str+2 SInv}
 81780 | Crypt:3  | Identified the ring of Hospitality {rPois rC+ rN+ Int+4
                  | Dex-5}
 81808 | Crypt:3  | Identified the +3 glaive of the Butterfly {heavy, rC+ rN+}
 82429 | Slime:1  | Entered Level 1 of the Pits of Slime
 82451 | Slime:1  | Paralysed by a formless jellyfish for 1 turns
 82455 | Lair:4   | Paralysed by a formless jellyfish for 1 turns
 82462 | Lair:4   | Reached skill level 1 in Shapeshifting
 82590 | Slime:1  | Gained Okrist as an ally
 82590 | Slime:1  | Gained Morun as an ally
 82833 | Slime:2  | Reached skill level 2 in Shapeshifting
 83142 | Slime:1  | Gained Ortolf as an ally
 83254 | Slime:1  | Reached skill level 3 in Shapeshifting
 83370 | Slime:1  | Gained Gorg as an ally
 83451 | Slime:1  | Reached skill level 4 in Shapeshifting
 84417 | Slime:2  | Reached skill level 5 in Shapeshifting
 85717 | Slime:3  | Reached skill level 6 in Shapeshifting
 86338 | Slime:4  | Noticed Dissolution
 86348 | Slime:3  | Killed Dissolution
 86377 | Slime:4  | Gained mutation: You occasionally lose the ability to read
                  | scrolls when taking damage. [a shining eye]
 86407 | Slime:3  | Lost mutation: You occasionally lose the ability to read
                  | scrolls when taking damage. [potion of mutation]
 86407 | Slime:3  | Lost mutation: Your body sometimes deteriorates upon taking
                  | damage. [potion of mutation]
 86407 | Slime:3  | Gained mutation: You have sharp toenails. [potion of
                  | mutation]
 86407 | Slime:3  | Gained mutation: Your system is resistant to poisons.
                  | (rPois) [potion of mutation]
 86407 | Slime:3  | Gained mutation: Potions are less effective at restoring
                  | your health. [potion of mutation]
 86407 | Slime:3  | Gained mutation: You have a somewhat thin skeletal
                  | structure. (Dex +2, Stealth+) [potion of mutation]
 86785 | Slime:5  | Entered Level 5 of the Pits of Slime
 86984 | Slime:4  | Reached skill level 7 in Shapeshifting
 87125 | Slime:5  | Gained mutation: You have a moderately thin skeletal
                  | structure. (Dex +4, Stealth++) [a shining eye]
 87534 | Slime:5  | Noticed the Royal Jelly
 88827 | Slime:5  | Killed the Royal Jelly
 88828 | Slime:5  | Reached skill level 8 in Shapeshifting
 88994 | Slime:5  | Gained Okrist as an ally
 89078 | Slime:5  | Found the +11 plutonium sword {Contam Stlth-}
 89163 | Slime:5  | Identified the +6 battleaxe "Ifasakha" {elec, +Blink rC+
                  | Stlth+}
 89164 | Slime:5  | Identified the +2 chain mail of the Fletcher {+Inv Will+}
 89170 | Slime:5  | Got a slimy rune of Zot
 89176 | Slime:5  | Identified the +9 orcbow "Porghih" {heavy, rCorr Stlth+}
 89225 | Slime:5  | Identified the +0 great sword "Muqeph" {vamp, *Noise rPois
                  | Dex+5}
 90107 | Zot:1    | Entered Level 1 of the Realm of Zot
 90241 | Depths:4 | Reached skill level 9 in Shapeshifting
 91204 | Depths:4 | Gained Arbeogh as an ally
 91588 | Depths:4 | Reached skill level 10 in Shapeshifting
 91588 | Depths:4 | Reached XP level 25. HP: 185/231 MP: 38/38
 91635 | Depths:4 | Gained Borgun as an ally
 94177 | Zot:1    | Reached skill level 11 in Shapeshifting
 94321 | Zot:1    | Gained Zorug as an ally
 94888 | Zot:2    | Your ally Zorug died
 95078 | Zot:2    | Your ally Ortolf died
 95078 | Zot:2    | Your ally Morun died
 95974 | Zot:1    | Reached skill level 12 in Shapeshifting
 96659 | Zot:2    | Noticed a curse toe
 96670 | Zot:2    | Killed a curse toe
 97856 | Zot:3    | Reached skill level 13 in Shapeshifting
 98295 | Zot:3    | You fall into a shaft and drop 1 floor!
 98299 | Zot:4    | Noticed a curse toe
 98488 | Zot:3    | Reached skill level 14 in Shapeshifting
100001 | Zot:3    | Noticed an orb of fire
100005 | Zot:3    | Killed an orb of fire
100648 | Zot:3    | Noticed a curse toe
100680 | Zot:3    | Paralysed by you for 3 turns
100706 | Zot:3    | Killed a curse toe
100806 | Zot:3    | Paralysed by you for 5 turns
100903 | Zot:3    | Noticed a curse toe
100920 | Zot:3    | Killed a curse toe
101018 | Zot:3    | Noticed a curse toe
101027 | Zot:3    | Killed a curse toe
101050 | Zot:3    | Identified the +2 plate armour of Baps {rPois}
102048 | Zot:3    | Killed a curse toe
102049 | Zot:3    | Reached skill level 15 in Shapeshifting
102049 | Zot:3    | Reached XP level 26. HP: 239/239 MP: 38/38
102480 | Zot:4    | Noticed an electric golem
102652 | Zot:3    | Killed an electric golem
102952 | Zot:4    | Noticed Parghit
102978 | Zot:3    | Killed Parghit
103492 | Zot:4    | Noticed a curse toe
103574 | Zot:3    | Killed a curse toe
105099 | Zot:3    | Reached skill level 16 in Shapeshifting
105251 | Zot:4    | Noticed an orb of fire
105253 | Zot:4    | Gained mutation: You occasionally lose the ability to drink
                  | potions when taking damage. [an orb of fire]
105256 | Zot:4    | Killed an orb of fire
105311 | Zot:4    | Noticed a curse toe
105324 | Zot:4    | Killed a curse toe
105488 | Zot:4    | Noticed a dread lich
105503 | Zot:4    | Killed a dread lich
105948 | Zot:4    | Learned a level 1 spell: Apportation
106018 | Zot:4    | Got a faded book
106737 | Zot:5    | Entered Level 5 of the Realm of Zot
107693 | Zot:5    | Reached skill level 17 in Shapeshifting
107998 | Hell     | Entered the Vestibule of Hell
107998 | Hell     | Noticed Geryon
108345 | Hell     | Killed Geryon
108899 | Depths:4 | Reached skill level 18 in Shapeshifting
109160 | Hell     | Gained Zorug as an ally
109168 | Hell     | Your ally Zorug died
109212 | Hell     | Found a gateway to the decaying netherworld of Tartarus.
109308 | Hell     | Found a gateway to the ashen valley of Gehenna.
109354 | Hell     | Found a gateway to the Iron City of Dis.
109532 | Hell     | Found a gateway to the freezing wastes of Cocytus.
109983 | Depths:3 | Killed WeeknightWizard's ghost
110409 | Vaults:5 | Entered Level 5 of the Vaults
110889 | Vaults:5 | Reached XP level 27. HP: 216/246 MP: 38/38
110977 | Vaults:5 | Identified the +4 quarterstaff of Shrieking Terror {venom,
                  | rC+}
110978 | Vaults:5 | Reached skill level 19 in Shapeshifting
110992 | Vaults:5 | Noticed a dread lich
111013 | Vaults:5 | Killed a dread lich
111069 | Vaults:5 | Gained Koronagh as an ally
111174 | Vaults:5 | Noticed Jory
111209 | Vaults:5 | Your ally Koronagh died
111211 | Vaults:5 | Killed Jory
111252 | Vaults:5 | Your ally Zartorak died
111410 | Vaults:5 | Your ally Okrist died
111574 | Vaults:5 | Reached skill level 20 in Shapeshifting
111756 | Vaults:5 | Identified the ring "Ibaogaj" {rCorr Str+2}
112087 | Vaults:5 | Identified the +0 pair of boots of Ybushem {rC+}
112107 | Vaults:5 | Gained Thorok as an ally
112217 | Vaults:5 | Identified the +0 pair of boots of Myuhuwun {Regen+ Str+3}
112455 | Vaults:5 | Identified the ring of Terra Nullius {rElec rPois rF+ rN+
                  | Str-4}
112530 | Vaults:5 | Got a silver rune of Zot
112654 | Vaults:5 | Identified the +2 falchion of the Open Hand {flame, Fragile
                  | Int+4}
112654 | Vaults:5 | Identified the +2 leather armour of Parts Unknown {Dex+3}
113217 | Vaults:5 | Identified the +4 war axe of Disintegration {heavy, rElec
                  | Str+3}
113609 | Vaults:5 | Identified the ring of Baffohu {rF+ Int+3 SInv Stlth+}
115557 | Depths:3 | Voluntarily entered the Abyss.
115670 | Abyss:1  | Found a corrupted altar of Lugonu.
115776 | Abyss:1  | Reached skill level 21 in Shapeshifting
116091 | Depths:3 | You pass through the gate.
116091 | Depths:3 | Escaped the Abyss
116097 | Depths:3 | Voluntarily entered the Abyss.
116106 | Abyss:1  | Found a corrupted altar of Lugonu.
116181 | Abyss:1  | Found a corrupted altar of Lugonu.
116284 | Abyss:1  | Noticed a dread lich
116290 | Abyss:1  | Killed a dread lich
116838 | Abyss:1  | Found a corrupted altar of Lugonu.
116846 | Abyss:1  | Found a corrupted altar of Lugonu.
116846 | Abyss:1  | Found a corrupted altar of Lugonu.
116894 | Abyss:1  | Reached skill level 22 in Shapeshifting
117116 | Abyss:1  | Found a corrupted altar of Lugonu.
117121 | Abyss:1  | Found a corrupted altar of Lugonu.
117213 | Abyss:1  | Found a corrupted altar of Lugonu.
117263 | Abyss:1  | Found a corrupted altar of Lugonu.
117643 | Abyss:1  | Found a corrupted altar of Lugonu.
117734 | Abyss:1  | Found a corrupted altar of Lugonu.
117759 | Depths:3 | You pass through the gate.
117759 | Depths:3 | Escaped the Abyss
118319 | Tomb:1   | Entered Level 1 of the Tomb of the Ancients
118377 | Tomb:1   | Gained Boldo as an ally
118516 | Tomb:1   | Noticed a royal mummy
118516 | Tomb:1   | Identified a +2 robe of resistance
118516 | Tomb:1   | Noticed Boris
118519 | Tomb:1   | Noticed a royal mummy
118528 | Tomb:1   | Killed a royal mummy
118535 | Tomb:1   | Killed a royal mummy
118545 | Tomb:1   | Your ally Boldo died
118799 | Tomb:1   | Killed Boris
118800 | Tomb:1   | Reached skill level 1 in Stealth
118800 | Tomb:1   | Reached skill level 23 in Shapeshifting
118936 | Tomb:1   | Identified the +8 glaive of the Mouth {heavy, Int+3}
118957 | Tomb:1   | Reached skill level 2 in Stealth
119355 | Tomb:1   | Gained Garbold as an ally
119529 | Tomb:1   | Reached skill level 3 in Stealth
119761 | Crypt:3  | Killed Zogul's ghost
120503 | Zot:5    | Reached skill level 9 in Throwing
120586 | Zot:5    | Noticed an ancient lich
120613 | Zot:5    | Killed an ancient lich
120636 | Zot:5    | Reached skill level 17 in Armour
120780 | Zot:5    | Noticed a dread lich
120788 | Zot:5    | Killed a dread lich
120789 | Zot:5    | Reached skill level 4 in Stealth
120789 | Zot:5    | Reached skill level 22 in Unarmed Combat
120799 | Zot:5    | Noticed an orb of fire
120805 | Zot:5    | Killed an orb of fire
120806 | Zot:5    | Reached skill level 17 in Shields
120806 | Zot:5    | Reached skill level 23 in Invocations
120814 | Zot:5    | Noticed an orb of fire
120819 | Zot:5    | Killed an orb of fire
120904 | Zot:5    | Noticed an ancient lich
120908 | Zot:5    | Noticed an orb of fire
120911 | Zot:5    | Killed an ancient lich
120923 | Zot:5    | Killed an orb of fire
120924 | Zot:5    | Reached skill level 15 in Evocations
120973 | Zot:5    | Noticed an orb of fire
120981 | Zot:5    | Killed an orb of fire
120982 | Zot:5    | Reached skill level 12 in Dodging
120982 | Zot:5    | Reached skill level 5 in Stealth
120983 | Zot:5    | Noticed an orb of fire
120984 | Zot:5    | Noticed a dread lich
120986 | Zot:5    | Noticed an ancient lich
121104 | Zot:5    | Killed an orb of fire
121502 | Zot:5    | Killed a dread lich
121558 | Zot:5    | Killed an ancient lich
121568 | Zot:5    | Reached skill level 6 in Stealth
121612 | Zot:5    | Noticed an orb of fire
121624 | Zot:5    | Killed an orb of fire
122099 | Zot:5    | Noticed an electric golem
122135 | Zot:5    | Gained Murdo as an ally
122137 | Zot:5    | Your ally Murdo died
122151 | Zot:5    | Killed an electric golem
122194 | Zot:5    | Reached skill level 10 in Throwing
122259 | Zot:5    | Reached skill level 7 in Stealth
122400 | Zot:5    | Noticed an electric golem
122501 | Zot:5    | Killed an electric golem
122829 | Depths:4 | Upgraded the game from 0.31-a0-833-gc15d34cb79 to
                  | 0.31-a0-836-g3ceb0a68c4
122839 | Depths:4 | Voluntarily entered the Abyss.
123281 | Abyss:1  | Found a corrupted altar of Lugonu.
123286 | Abyss:1  | Found a corrupted altar of Lugonu.
123973 | Abyss:1  | Gained Marbork as an ally
124147 | Abyss:1  | Found a sacrificial altar of Ru.
124162 | Abyss:1  | Found a corrupted altar of Lugonu.
124196 | Abyss:1  | Reached skill level 8 in Stealth
124420 | Abyss:1  | Found a corrupted altar of Lugonu.
124420 | Abyss:1  | Found a corrupted altar of Lugonu.
124720 | Abyss:1  | Reached skill level 18 in Armour
124817 | Depths:4 | You pass through the gate.
124817 | Depths:4 | Escaped the Abyss
124820 | Depths:4 | Voluntarily entered the Abyss.
124841 | Abyss:1  | Found a corrupted altar of Lugonu.
125058 | Abyss:1  | Gained Bogdar as an ally
125096 | Abyss:1  | Your ally Bogdar died
125101 | Abyss:1  | Paralysed by accursed screaming for 1 turns
125262 | Abyss:1  | Reached skill level 18 in Shields
125336 | Abyss:1  | Gained Marbork as an ally
125406 | Abyss:1  | Your ally Marbork died
125616 | Abyss:1  | Reached skill level 9 in Stealth
125688 | Abyss:1  | Noticed a dread lich
125707 | Abyss:1  | Killed a dread lich
125708 | Abyss:1  | Reached skill level 24 in Invocations
125759 | Abyss:1  | Reached skill level 13 in Dodging
125885 | Abyss:1  | Reached skill level 11 in Throwing
125891 | Abyss:1  | Found an opulent altar of Gozag.
126088 | Abyss:1  | Paralysed by accursed screaming for 1 turns
126148 | Abyss:1  | Gained Morbeogh as an ally
126343 | Abyss:1  | Reached skill level 10 in Stealth
126497 | Abyss:1  | Found a broken altar of Ashenzari.
126523 | Abyss:1  | Reached skill level 23 in Unarmed Combat
126633 | Abyss:1  | Gained Orbeogh as an ally
126776 | Abyss:2  | Found a corrupted altar of Lugonu.
126785 | Abyss:2  | Found a corrupted altar of Lugonu.
126812 | Abyss:2  | Noticed a dread lich
126841 | Abyss:2  | Killed a dread lich
126957 | Abyss:2  | Reached skill level 12 in Throwing
127129 | Abyss:2  | Noticed a dread lich
127140 | Abyss:2  | Killed a dread lich
127224 | Depths:4 | You pass through the gate.
127224 | Depths:4 | Escaped the Abyss
127227 | Depths:4 | Voluntarily entered the Abyss.
127227 | Abyss:2  | Found a corrupted altar of Lugonu.
127603 | Abyss:2  | Gained Boldo as an ally
127745 | Abyss:2  | Reached skill level 13 in Throwing
127749 | Abyss:2  | Paralysed by accursed screaming for 1 turns
127852 | Abyss:2  | Reached skill level 14 in Dodging
128066 | Abyss:2  | Found a corrupted altar of Lugonu.
128067 | Abyss:2  | Found a corrupted altar of Lugonu.
128075 | Abyss:2  | Found a corrupted altar of Lugonu.
128112 | Depths:4 | You pass through the gate.
128112 | Depths:4 | Escaped the Abyss
128229 | Depths:4 | Voluntarily entered the Abyss.
128377 | Abyss:2  | Noticed a dread lich
128393 | Abyss:2  | Killed a dread lich
128403 | Abyss:2  | Gained Orkrul as an ally
128413 | Abyss:2  | Found a corrupted altar of Lugonu.
128476 | Abyss:2  | Found a corrupted altar of Lugonu.
128850 | Abyss:2  | Reached skill level 14 in Throwing
128948 | Abyss:2  | Found a corrupted altar of Lugonu.
128965 | Abyss:2  | Found a corrupted altar of Lugonu.
129167 | Abyss:2  | Paralysed by you for 3 turns
129175 | Abyss:2  | Reached skill level 24 in Unarmed Combat
129175 | Abyss:2  | Paralysed by accursed screaming for 1 turns
129238 | Abyss:2  | Found a corrupted altar of Lugonu.
129560 | Abyss:2  | Gained Syrus as an ally
129911 | Abyss:2  | Found a corrupted altar of Lugonu.
129930 | Abyss:2  | Reached skill level 15 in Throwing
129977 | Abyss:2  | Found a corrupted altar of Lugonu.
129980 | Abyss:2  | Found a corrupted altar of Lugonu.
130081 | Abyss:2  | Found a corrupted altar of Lugonu.
130194 | Depths:4 | You pass through the gate.
130194 | Depths:4 | Escaped the Abyss
130201 | Depths:4 | Voluntarily entered the Abyss.
130229 | Abyss:2  | Found a corrupted altar of Lugonu.
130455 | Abyss:2  | Reached skill level 15 in Dodging
130500 | Abyss:2  | Reached skill level 1 in Translocations
130575 | Abyss:2  | Reached skill level 2 in Translocations
130626 | Abyss:2  | Paralysed by accursed screaming for 1 turns
130671 | Abyss:2  | Reached skill level 3 in Translocations
130839 | Abyss:2  | Reached skill level 16 in Throwing
131072 | Abyss:2  | Reached skill level 4 in Translocations
131125 | Abyss:2  | Found a corrupted altar of Lugonu.
131338 | Abyss:2  | Reached skill level 5 in Translocations
131583 | Abyss:2  | Learned a level 2 spell: Blink
131629 | Abyss:2  | Noticed a dread lich
131636 | Abyss:2  | Killed a dread lich
131637 | Abyss:2  | Reached skill level 6 in Translocations
131790 | Abyss:2  | Found a corrupted altar of Lugonu.
131807 | Abyss:2  | Found a corrupted altar of Lugonu.
131862 | Abyss:2  | Found a corrupted altar of Lugonu.
131885 | Abyss:2  | Reached skill level 25 in Unarmed Combat
132120 | Abyss:2  | Gained Oruk as an ally
132146 | Abyss:2  | Reached skill level 7 in Translocations
132279 | Abyss:2  | Gained Argrim as an ally
132595 | Abyss:2  | Learned a level 2 spell: Lesser Beckoning
132778 | Abyss:2  | Learned a level 2 spell: Passwall
132796 | Abyss:2  | Reached skill level 1 in Spellcasting
132951 | Abyss:2  | Reached skill level 8 in Translocations
132984 | Abyss:2  | Gained Garbold as an ally
133281 | Abyss:2  | Reached skill level 2 in Spellcasting
133317 | Abyss:2  | Learned a level 4 spell: Manifold Assault
133322 | Abyss:2  | Learned a level 4 spell: Vhi's Electric Charge
133598 | Abyss:2  | Reached skill level 1 in Air Magic
133647 | Abyss:2  | Gained Bogfrid as an ally
133720 | Abyss:2  | Gained Wulfoc as an ally
133789 | Abyss:2  | Your ally Bogfrid died
133870 | Abyss:2  | Your ally Wulfoc died
133875 | Abyss:2  | Reached skill level 9 in Translocations
133882 | Abyss:2  | Reached skill level 2 in Air Magic
134053 | Abyss:2  | Reached skill level 3 in Spellcasting
134082 | Abyss:2  | Reached skill level 3 in Air Magic
134131 | Abyss:2  | Gained Boruk as an ally
134132 | Abyss:2  | Your ally Boruk died
134184 | Abyss:2  | Noticed a dread lich
134199 | Abyss:2  | Killed a dread lich
134232 | Abyss:2  | Gained Nordag as an ally
134262 | Abyss:2  | Reached skill level 17 in Throwing
134366 | Abyss:2  | Found a corrupted altar of Lugonu.
134555 | Abyss:2  | Reached skill level 4 in Air Magic
134926 | Abyss:2  | Found a corrupted altar of Lugonu.
134930 | Abyss:2  | Found a corrupted altar of Lugonu.
134930 | Abyss:2  | Found a corrupted altar of Lugonu.
134963 | Abyss:2  | Paralysed by accursed screaming for 1 turns
135030 | Abyss:2  | Paralysed by accursed screaming for 1 turns
135086 | Abyss:2  | Reached skill level 10 in Translocations
135237 | Abyss:3  | Gained Rocco as an ally
135263 | Abyss:3  | Gained Zartorak as an ally
135266 | Abyss:3  | Reached skill level 5 in Air Magic
135307 | Abyss:3  | Your ally Rocco died
135381 | Abyss:3  | Reached skill level 4 in Spellcasting
135454 | Abyss:3  | Found a glowing golden altar of the Shining One.
135495 | Abyss:3  | Noticed a juggernaut
135500 | Abyss:3  | Your ally Zartorak died
135502 | Abyss:3  | Killed a juggernaut
135506 | Abyss:3  | Got an abyssal rune of Zot
135640 | Depths:4 | You pass through the gate.
135640 | Depths:4 | Escaped the Abyss
135959 | Zig:1    | Entered Level 1 of a ziggurat
135984 | Zig:2    | Entered Level 2 of a ziggurat
136010 | Zig:3    | Entered Level 3 of a ziggurat
136010 | Zig:3    | Noticed Ywnosac the pandemonium lord
136026 | Zig:3    | Killed Ywnosac the pandemonium lord
136031 | Zig:3    | Reached skill level 6 in Air Magic
136052 | Zig:4    | Entered Level 4 of a ziggurat
136101 | Zig:4    | Identified the ring of Muirghig {Fly Will+ Str+2}
136108 | Zig:5    | Entered Level 5 of a ziggurat
136265 | Zig:6    | Entered Level 6 of a ziggurat
136273 | Zig:6    | Noticed a caustic shrike
136281 | Zig:6    | Killed a caustic shrike
136360 | Zig:7    | Entered Level 7 of a ziggurat
136364 | Zig:7    | Noticed Ojeesounoc the pandemonium lord
136369 | Zig:7    | You are cast into the Abyss!
136369 | Abyss:5  | Cast into level 5 of the Abyss (Ojeesounoc)
136442 | Zig:7    | You pass through the gate.
136442 | Zig:7    | Escaped the Abyss
136451 | Zig:7    | Killed Ojeesounoc the pandemonium lord
136453 | Zig:7    | HP: 18/246 [something (42)]
136453 | Zig:7    | Slain by a lorocyproca

Vanquished Creatures
  Dissolution (Slime:3)
  the Royal Jelly (Slime:5)
  3 ancient liches (Zot:5)
  10 dread liches (Zot:4 Vaults:5 Abyss:1 Zot:5 Abyss:2)
  8 orbs of fire (Zot:3 Zot:4 Zot:5)
  4 juggernauts (Depths:2 Depths:3 Abyss:3)
  2 royal mummies (Crypt:3 Tomb:1)
  The ghost of Zogul the Impregnable, a veteran MiGl of Hepliaklqana (Crypt:3)
  Vv (Crypt:3)
  Sojobo (Vaults:4)
  3 Killer Klowns (Zot:4 Zot:5)
  Boris (thrice) (Crypt:1 Crypt:2 Tomb:1)
  2 pandemonium lords (Zig:3 Zig:7)
  Parghit (Zot:3)
  Bai Suzhen (Crypt:1)
  6 curse toes (Zot:2 Zot:3 Zot:4)
  Geryon (Hell)
  A caustic shrike (Zig:6)
  10 golden dragons (Zot:4 Zot:3 Zot:5 Vaults:5)
  8 profane servitors (Abyss:1 Abyss:2)
  Jory (Vaults:5)
  23 bone dragons (Abyss:1 Abyss:2 Abyss:3)
  A pearl dragon (Abyss:2)
  An iron giant (Zig:6)
  3 electric golems (Zot:3 Zot:5)
  Zenata (Vaults:3)
  4 Hell Sentinels (Abyss:1 Abyss:2)
  25 tentacled monstrosities (Depths:3 Depths:4 Zot:1 Zot:3 Zot:4)
  5 hellephants (Abyss:1 Abyss:2 Zig:4)
  25 Orb Guardians (Zot:5)
  A walking crystal tome (Depths:4)
  18 liches (Depths:3 Depths:4 Vaults:5 Vaults:4 Abyss:1)
  A searing wretch (Depths:4)
  Asterion (Spider:1)
  7 quicksilver dragons (Depths:4 Zot:2 Zot:3 Vaults:5 Zot:4)
  2 walking frostbound tomes (Depths:3)
  A titan (Depths:3)
  2 Executioners (Abyss:1 Abyss:2)
  14 acid blobs (Slime:1 Slime:2 Slime:4 Slime:5 Abyss:1)
  68 tentacled starspawn (Abyss:1 Abyss:2 Abyss:3 Abyss:5)
  10 sphinxes (Shoals:4 Vaults:1 Vaults:4 Depths:3 Crypt:3)
  6 death cobs (Zot:1 Zot:3 Zot:5)
  2 ancient champions (Crypt:1 Crypt:3)
  10 draconian monks (Depths:3 Depths:4 Zot:1 Zot:2 Zot:3)
  5 shadow dragons (Vaults:4 Depths:4 Zot:2 Zot:3 Zot:5)
  5 revenants (Crypt:2 Tomb:1 Crypt:3 Abyss:1 Abyss:2)
  17 storm dragons (Depths:3 Depths:4 Zot:1 Zot:2 Zot:3)
  The ghost of Qymaymp the Geomancer, an adept GrEE of Vehumet (D:14)
  11 tengu reavers (Vaults:1 Vaults:4 Depths:2 Depths:3 Vaults:5)
  A daeva (Abyss:1)
  6 frost giants (IceCv Shoals:3 Vaults:1 Depths:3 Vaults:5)
  9 azure jellies (Slime:1 Slime:2 Slime:4 Slime:5 Abyss:1)
  Donald (Orc:2)
  8 rockslimes (Slime:4 Slime:5 Zot:4)
  10 fire giants (Vaults:4 Depths:2 Depths:3 Depths:4 Vaults:5)
  12 vault wardens (Vaults:1 Vaults:2 Vaults:3 Vaults:4 Vaults:5)
  An emperor scorpion (Spider:4)
  5 deep elf sorcerers (Elf:3 Vaults:5 Abyss:2)
  A quicksilver elemental (Zig:6)
  10 ghost moths (Spider:3 Zot:1 Zot:3 Zot:4 Zot:5)
  8 draconian scorchers (WizLab Zot:1 Zot:2 Zot:5)
  2 deep elf elementalists (Elf:3)
  3 draconian shifters (Depths:4 Zot:2 Zot:4)
  6 draconian knights (WizLab Zot:1 Zot:3 Zot:4 Abyss:2)
  4 cacodemons (Abyss:1 Abyss:2)
  A shard shrike simulacrum (Hell)
  3 curse skulls (Crypt:2 Crypt:3)
  5 balrugs (Abyss:1 Abyss:2 Zig:5)
  Louise (Depths:4)
  2 angels (Abyss:1 Abyss:3)
  6 ghouls (Crypt:1 Crypt:2)
  2 orc warlords (Orc:2 Vaults:3)
  A juggernaut zombie (Depths:2)
  4 iron dragons (Zot:3 Zot:4 Vaults:5)
  3 spriggan defenders (Depths:2 Depths:3 Depths:4)
  10 ironbound preservers (Vaults:1 Vaults:2 Vaults:3 Vaults:5)
  9 draconian stormcallers (Depths:4 Zot:2 Zot:3 Zot:5 Abyss:1)
  A caustic shrike skeleton (Abyss:2)
  6 reapers (Depths:2 Abyss:1 Abyss:2)
  23 very ugly things (Depths:4 Depths:3 Vaults:5 Abyss:1 Abyss:2)
  10 draconian annihilators (Zot:1 Zot:2 Zot:4 Zot:5 Abyss:1)
  5 formless jellyfish (Vaults:1 Vaults:2 Slime:1 Lair:4)
  10 quicksilver oozes (Slime:1 Slime:2 Slime:3 Slime:4 Slime:5)
  5 war gargoyles (Vaults:1 Vaults:4 Zig:6)
  A juggernaut skeleton (Abyss:2)
  2 ironbound thunderhulks (Vaults:1)
  10 vampire knights (Depths:3 Crypt:1 Crypt:2 Crypt:3)
  4 stone giants (Depths:1 Depths:2 Depths:3)
  2 bennus (Tomb:1)
  6 deep elf demonologists (Elf:1 Elf:3)
  4 ophanim (Abyss:1 Abyss:2 Abyss:3)
  7 black draconians (Depths:4 Zot:2 Zot:3 Zot:5)
  8 green draconians (Zot:1 Zot:2 Zot:3 Abyss:1 Zot:5)
  3 minotaurs (Gauntlet Shoals:4)
  9 white draconians (IceCv Zot:1 Zot:2 Zot:3 Zot:5)
  5 lorocyprocas (Zot:1 Depths:4 Abyss:2)
  The ghost of Otiejusm the Frost Mage, a journeyman GnIE of Gozag (D:14)
  3 deep elf annihilators (Elf:3)
  4 dire elephants (Vaults:2 Vaults:3)
  21 purple draconians (WizLab Depths:4 Zot:1 Zot:2 Zot:3)
  11 yellow draconians (Depths:3 Depths:4 Zot:2 Zot:3 Zot:5)
  9 statues (WizLab)
  5 spark wasps (Spider:4 Depths:3 Depths:4)
  Snorg (Lair:5)
  16 red draconians (Depths:4 Zot:1 Zot:2 Zot:3 Zot:5)
  A merfolk javelineer (Depths:1)
  3 iron golems (Depths:4 Zig:6)
  2 deep elf death magi (Elf:3)
  7 eidola (Crypt:1 Crypt:2 Crypt:3 Abyss:2)
  8 ettins (D:15 Depths:3 Depths:4 Vaults:5)
  2 crystal guardians (Vaults:1 Vaults:4)
  10 fire dragons (Depths:2 Depths:3 Zot:2 Zig:5)
  A quicksilver dragon zombie (Tomb:1)
  2 green deaths (Abyss:1 Abyss:2)
  3 deep elf high priests (Elf:1 Vaults:5)
  4 blizzard demons (Depths:4 Abyss:1 Abyss:2 Zig:3)
  5 merfolk impalers (Shoals:1 Shoals:4 Depths:3)
  14 jiangshi (Crypt:1 Crypt:2)
  16 yaktaur captains (Vaults:1 Vaults:2 Vaults:3 Vaults:4 Vaults:5)
  8 mummy priests (Crypt:3 Tomb:1)
  A spriggan zombie (Abyss:2)
  18 great orbs of eyes (Vaults:1 Vaults:2 Vaults:4 Slime:1 Slime:2)
  4 peacekeepers (Vaults:1 Vaults:4 Vaults:3)
  Harold (Lair:2)
  A great orb of eyes (shapeshifter) (Vaults:5)
  13 ice dragons (IceCv Depths:1 Depths:3 Zot:2 Zot:3)
  A quicksilver dragon skeleton (Vaults:2)
  A catoblepas (Lair:4)
  4 entropy weavers (Spider:2 Spider:4 Vaults:3 Vaults:5)
  6 hydras (Lair:2 Lair:3 Lair:5 D:15 Zig:2)
  A fenstrider witch zombie (Abyss:1)
  3 hell beasts (Gauntlet Depths:4 Zig:3)
  An ogre mage (D:15)
  8 vault guards (Vaults:3 Vaults:4 Vaults:5)
  A juggernaut simulacrum (Depths:2)
  158 starcursed masses (Abyss:1 Abyss:2)
  8 rakshasas (Depths:3 Abyss:1 Abyss:2)
  4 spriggan air magi (Depths:2 Depths:3 Depths:4)
  7 two-headed ogres (D:7 D:10 D:11 D:15)
  17 ironbound frosthearts (IceCv Vaults:1 Vaults:2 Vaults:3 Vaults:4)
  A jorogumo (Spider:3)
  A stoker (Depths:4)
  2 merfolk avatars (Shoals:2 Shoals:3)
  A radroach (Spider:3)
  11 centaur warriors (D:13 D:14 Vaults:1 Vaults:2)
  23 dancing weapons (Orc:2 Elf:1 Elf:2 Elf:3 Abyss:1)
  2 merfolk aquamancers (Shoals:1 Abyss:1)
  A bennu zombie (Crypt:3)
  5 deep troll earth magi (D:13 Depths:1 Depths:3 Depths:4)
  3 boulder beetles (Spider:1 Vaults:4)
  3 fenstrider witch skeletons (Crypt:2 Hell Abyss:2)
  3 spriggan skeletons (Crypt:2 Abyss:2)
  A death knight (Vaults:2)
  An Orb Guardian skeleton (Crypt:3)
  19 death scarabs (Tomb:1)
  A two-headed ogre (shapeshifter) (Vaults:5)
  8 deep troll shamans (Depths:1 Depths:3 Depths:4)
  9 satyrs (Shoals:4)
  4 tengu warriors (Depths:2 Depths:3)
  12 hell hogs (Depths:2 Depths:4 Abyss:2 Abyss:3)
  A titan zombie (Hell)
  50 thrashing horrors (Abyss:1 Abyss:2 Abyss:3 Zig:4)
  9 vampire magi (Crypt:1 Crypt:2 Crypt:3 Abyss:1 Abyss:2)
  11 hell knights (D:15 Depths:2 Depths:3 Depths:4 Abyss:1)
  3 naga warriors (Abyss:2 Abyss:3)
  2 orc high priests (Orc:2 Elf:1)
  14 death yaks (Gauntlet Lair:1 Lair:3 Lair:4)
  Sonja (D:10)
  3 demonic crawlers (Spider:3 Spider:4)
  A naga sharpshooter (Zig:1)
  8 soul eaters (Crypt:1 Depths:4 Abyss:1 Abyss:2)
  Nergalle (Orc:2)
  11 spriggan berserkers (Depths:2 Depths:3 Depths:4)
  Urug (D:11)
  51 wretched stars (Abyss:1 Abyss:2)
  2 titan skeletons (Abyss:1 Abyss:2)
  3 skysharks (Shoals:2 Elf:2)
  6 sun demons (Depths:2 Abyss:1 Abyss:2)
  7 deep elf knights (Elf:1 Elf:3 Elf:2)
  2 sun moths (Spider:3 Spider:4)
  9 iron trolls (Depths:1 Depths:2 Depths:3 Depths:4)
  A fire crab (shapeshifter) (Vaults:5)
  A salamander mystic (Depths:2)
  8 shadow wraiths (Vaults:1 Vaults:3 Crypt:2 Depths:4 Vaults:5)
  6 flayed ghosts (Depths:2 Depths:3 Crypt:2 Vaults:5 Abyss:3)
  A golden dragon zombie (Depths:2)
  3 pharaoh ants (Spider:1 Spider:2 Abyss:1)
  14 sixfirhies (Abyss:1 Abyss:2 Abyss:3)
  32 skeletal warriors (D:14 Crypt:1 Crypt:2 Crypt:3 Tomb:1)
  2 bunyip zombies (Abyss:2)
  2 death drakes (Abyss:2)
  3 storm dragon skeletons (Crypt:2 Hell Abyss:2)
  9 sea snakes (Shoals:1 Shoals:2 Shoals:4 Abyss:1)
  3 anaconda zombies (Hell)
  5 orb spiders (Lair:2 Spider:2 Spider:3 Abyss:1 Abyss:2)
  5 bog bodies (Crypt:2 Crypt:3)
  5 spatial maelstroms (Abyss:1 Abyss:2)
  25 deep trolls (Vaults:1 Vaults:2 Vaults:3 Depths:3 Depths:4)
  7 glowing orange brains (Vaults:1 Vaults:4 Slime:5 Abyss:1 Abyss:2)
  A shadow demon (Abyss:2)
  2 cherubim (Abyss:3)
  A spriggan simulacrum (Hell)
  A kraken simulacrum (Shoals:3)
  An obsidian statue (Zot:5)
  6 orange crystal statues (IceCv Vaults:2 Elf:1 Hell)
  10 phantasmal warriors (Vaults:1 Crypt:1 Crypt:2 Crypt:3 Depths:4)
  9 necromancers (D:13 Vaults:2 Depths:2 Crypt:2 Vaults:5)
  An alligator zombie (Hell)
  A steelbarb worm (Spider:4)
  5 wizards (Vaults:2 Vaults:4 Depths:3 Abyss:3)
  8 deep elf archers (Elf:1 Elf:2 Elf:3)
  12 ironbound convokers (Vaults:1 Vaults:2 Vaults:3 Vaults:4 Vaults:5)
  2 bunyip skeletons (Hell Abyss:1)
  137 large abominations (Depths:3 Abyss:1 Abyss:2 Abyss:3 Abyss:5)
  An anaconda skeleton (Abyss:1)
  7 harpies (Shoals:3 Shoals:4)
  8 lindwurms (Lair:5 Vaults:1 Vaults:2)
  14 deep elf pyromancers (D:12 D:13 Orc:2 Elf:1 Elf:2)
  9 shining eyes (Slime:2 Slime:3 Slime:4 Slime:5)
  16 deep elf zephyrmancers (Elf:1 Elf:2 Elf:3 Abyss:1)
  3 stone giant zombies (Crypt:1 Crypt:2 Abyss:1)
  2 orc knights (Orc:2 Vaults:5)
  3 will-o-the-wisps (Abyss:2)
  A wolf spider (shapeshifter) (Vaults:5)
  2 wolf spiders (Spider:2 Spider:3)
  35 ugly things (D:14 IceCv Vaults:2 Vaults:3 Depths:2)
  8 manticores (Shoals:1 Shoals:3 Shoals:4)
  12 fauns (Shoals:1 Shoals:3 Shoals:4)
  2 tengu skeletons (Vaults:2 Crypt:2)
  27 worldbinders (Abyss:1 Abyss:2 Abyss:3)
  A mana viper (Zig:1)
  2 orc sorcerers (Elf:1)
  4 elephants (Lair:5)
  An oklob plant (Lair:4)
  7 salamanders (Depths:2 Abyss:2 Abyss:3)
  8 cyclopes (D:11 D:12 Orc:2 D:13 D:14)
  27 moths of wrath (Spider:4 Depths:4 Zot:1 Zot:2 Zot:4)
  A human skeleton (Vaults:2)
  4 centaur zombies (D:12 Hell Abyss:1)
  2 stone giant skeletons (Crypt:3 Vaults:5)
  An eye of devastation (Abyss:1)
  An elephant (shapeshifter) (Depths:1)
  7 merfolk sirens (Lair:3 Shoals:1 Shoals:3 Shoals:4 Abyss:1)
  4 rust devils (Abyss:1 Abyss:2)
  36 smoke demons (Abyss:1 Abyss:2 Abyss:3)
  An ice statue (Spider:3)
  A dire elephant zombie (Abyss:2)
  An eleionoma skeleton (Crypt:1)
  6 guardian serpents (Abyss:1 Abyss:2 Abyss:3)
  14 vault sentinels (Vaults:1 Vaults:2 Vaults:3)
  A guardian serpent (shapeshifter) (Vaults:5)
  6 torpor snails (Gauntlet Spider:1 Spider:2 Spider:3 Spider:4)
  A cane toad (shapeshifter) (D:9)
  3 molten gargoyles (Lair:5 Depths:2)
  A frost giant skeleton (Vaults:5)
  An alligator snapping turtle zombie (Hell)
  A water nymph (Shoals:4)
  9 black mambas (Lair:1 Lair:2 Lair:3 Lair:4 Lair:5)
  8 cane toads (Lair:1 Lair:2 Lair:3 Lair:5)
  24 apocalypse crabs (Zot:3 Abyss:1 Abyss:2)
  4 centaur skeletons (Hell Tomb:1 Abyss:2)
  A rime drake (shapeshifter) (Abyss:1)
  A naga mage (Abyss:2)
  10 rime drakes (Lair:2 Lair:5 IceCv)
  A grey draconian zombie (Crypt:3)
  A minotaur zombie (Crypt:1)
  Maggie (D:9)
  5 hellions (Abyss:1 Abyss:2 Zig:6 Zig:7)
  15 orange demons (Abyss:1 Abyss:2 Abyss:3)
  An orc skeleton (Abyss:1)
  A human zombie (Vaults:5)
  3 dire elephant skeletons (Tomb:1 Abyss:2)
  A sea snake zombie (Hell)
  2 unseen horror zombies (D:9)
  An unseen horror (shapeshifter) (Vaults:4)
  7 unseen horrors (Depths:3 Abyss:1 Abyss:2)
  6 kobold demonologists (D:8 D:13 Abyss:1 Abyss:2)
  8 efreet (Abyss:1 Abyss:2 Zig:5)
  13 yaktaurs (Vaults:1 Vaults:2 Vaults:3 Vaults:4 Vaults:5)
  A catoblepas skeleton (Crypt:3)
  6 komodo dragons (Lair:1 Lair:2 Lair:4 Lair:5 Zig:2)
  5 tormentors (Abyss:2 Abyss:3 Zig:6)
  9 freezing wraiths (D:11 D:13 Crypt:1 Vaults:4 Abyss:2)
  A komodo dragon (shapeshifter) (Abyss:1)
  A black draconian skeleton (Crypt:3)
  A sea snake skeleton (Hell)
  2 ice devils (Depths:4 Abyss:1)
  An unseen horror skeleton (Crypt:1)
  A golden dragon simulacrum (Abyss:1)
  14 merfolk (Shoals:1 Shoals:2 Shoals:3 Shoals:4)
  A minotaur skeleton (Crypt:1)
  14 hellwings (Zot:3 Abyss:1 Abyss:2 Abyss:3 Abyss:5)
  2 hydra zombies (Hell Tomb:1)
  49 ancient zymes (Abyss:1 Abyss:2 Abyss:3 Zig:4 Abyss:5)
  2 queen bees (Lair:2 Spider:1)
  20 tengu conjurers (WizLab Depths:3)
  7 trolls (D:6 D:9 D:10 Orc:1 Orc:2)
  3 red devils (Hell Abyss:1 Abyss:2)
  A troll (shapeshifter) (Abyss:1)
  40 guardian mummies (Crypt:3 Crypt:2 Tomb:1)
  2 meliai (Spider:2)
  2 silent spectres (Abyss:1)
  10 polar bears (D:10 Lair:2 Lair:3 IceCv)
  A queen bee (shapeshifter) (Elf:3)
  10 tarantellas (Lair:2 Spider:1 Spider:2 Spider:3 Spider:4)
  21 blink frogs (Lair:2 Lair:3 Lair:5 Abyss:1 Abyss:2)
  2 hydra skeletons (Hell Abyss:2)
  13 hornets (D:8 D:9 Depths:2 Depths:4 Abyss:2)
  An ettin zombie (Abyss:2)
  A wind drake (shapeshifter) (Abyss:2)
  2 harpy skeletons (Crypt:2 Abyss:2)
  93 raiju (Abyss:1 Abyss:2 Abyss:3)
  An alligator simulacrum (Hell)
  4 dream sheep (Lair:3 Shoals:3)
  An iron dragon simulacrum (Hell)
  6 snapping turtles (Shoals:2 Shoals:4)
  A radroach zombie (Crypt:1)
  A black mamba zombie (Abyss:1)
  3 air elementals (Elf:1 Elf:3)
  2 human simulacra (Vaults:2 Vaults:5)
  7 jumping spiders (Spider:1 Spider:2 Spider:3)
  9 culicivoras (Spider:1 Spider:2 Spider:3 Spider:4)
  12 water elementals (Shoals:1 Shoals:2 Shoals:4 Elf:2 Elf:3)
  33 flying skulls (Abyss:1 Tomb:1 Abyss:2 Abyss:3)
  A slime creature (shapeshifter) (Vaults:5)
  79 slime creatures (D:12 Vaults:1 Vaults:4 Slime:1 Lair:4)
  3 fire elementals (Elf:1 Depths:2)
  2 vampires (Abyss:1 Abyss:3)
  5 spriggans (Depths:2 Depths:4)
  An unseen horror simulacrum (D:10)
  22 wraiths (D:11 D:12 Orc:2 D:14 Crypt:1)
  19 yaks (D:9 D:10 Lair:3 Lair:5 Zig:2)
  9 shadows (D:10 D:13 Abyss:1 Abyss:2)
  38 ynoxinuls (Abyss:1 Abyss:2 Abyss:5)
  15 ushabtiu (Crypt:3 Tomb:1)
  6 golden eyes (Slime:5 Abyss:1 Abyss:2)
  6 wyverns (D:9 D:10 Lair:2 Lair:5)
  A death yak simulacrum (Shoals:3)
  A human (shapeshifter) (Abyss:2)
  7 fire bats (Abyss:1 Abyss:2)
  107 small abominations (Depths:3 Abyss:1 Abyss:2 Abyss:3)
  30 chaos spawn (Depths:3 Abyss:1 Abyss:2 Abyss:3)
  27 neqoxecs (Abyss:1 Abyss:2 Abyss:3)
  4 vampire mosquitoes (D:14 D:15)
  5 basilisks (Lair:5 Abyss:2)
  2 sea snake simulacra (Shoals:3 Hell)
  14 redbacks (Spider:1 Spider:2 Spider:3 Spider:4 Vaults:3)
  A warg (shapeshifter) (Abyss:3)
  2 wargs (Orc:1 Vaults:5)
  4 nagas (Abyss:2 Abyss:3)
  A skyshark zombie (Crypt:2)
  8 hydra simulacra (Depths:2 Hell)
  2 acid dragons (D:8 D:11)
  8 harpy simulacra (D:15 Shoals:3 Abyss:1)
  2 naga zombies (Hell Abyss:1)
  19 hell hounds (Lair:5 D:14 Abyss:1 Abyss:2)
  A deep troll skeleton (Crypt:1)
  15 water moccasins (D:5 D:9 D:10 Lair:1 Lair:2)
  A floating eye (shapeshifter) (Depths:3)
  8 orc warriors (D:9 D:10 Orc:1 Orc:2 Spider:4)
  6 sky beasts (D:7 Abyss:1 Abyss:3)
  A demonspawn skeleton (Crypt:3)
  7 ice beasts (D:6 D:7 Abyss:1 Abyss:2)
  3 black bears (D:5 D:7 Lair:2)
  8 ogres (D:6 Orc:1 Orc:2 D:14)
  2 satyr simulacra (Shoals:3)
  4 boggarts (Vaults:1)
  19 wolves (D:10 Lair:2 Lair:3 Lair:4)
  11 centaurs (D:8 D:9 D:11 D:14)
  2 phantoms (D:5)
  16 kobold brigands (D:8 D:9 Abyss:2)
  A vine stalker zombie (Crypt:1)
  A draconian zombie (Crypt:2)
  13 bullfrogs (D:7 D:8 D:9 Lair:1 Lair:2)
  2 merfolk simulacra (Shoals:3)
  A deep troll simulacrum (Abyss:1)
  3 earth elementals (Abyss:2)
  3 gnoll sergeants (D:9 D:10 D:11)
  An ogre simulacrum (Vaults:5)
  3 scorpions (D:5 D:6 D:7)
  2 faun simulacra (Shoals:3)
  3 necrophages (Crypt:1 Crypt:2)
  2 naga simulacra (Crypt:2 Hell)
  11 wights (D:7 D:8 D:9 Abyss:1 Abyss:3)
  37 killer bees (D:9 Lair:2 Spider:1 Abyss:2)
  2 manticore simulacra (Shoals:3)
  A yak skeleton (Crypt:2)
  2 snapping turtle simulacra (Shoals:3)
  A lava snake (Lair:5)
  An electric eel (Elf:3)
  5 howler monkeys (D:5 D:6 D:7 D:11)
  A crimson imp (Abyss:2)
  14 quasits (Abyss:1 Abyss:2)
  10 orc priests (D:7 D:9 D:10 Orc:2)
  5 jellies (D:7 Abyss:2)
  A basilisk zombie (Crypt:1)
  2 cyclops simulacra (Shoals:3)
  16 iron imps (Abyss:1 Abyss:2)
  3 sleepcaps (D:6 D:7)
  7 iguanas (D:2 D:4 D:5 D:6)
  8 orc wizards (D:4 D:7 D:9 D:10 D:11)
  4 centaur simulacra (Shoals:3 Hell Abyss:2)
  24 mummies (D:4 Crypt:3 Tomb:1)
  15 gnolls (D:4 D:3 D:9 D:10 D:11)
  A river rat (shapeshifter) (Depths:3)
  9 adders (D:2 D:4 D:5 D:6)
  5 shadow imps (D:8 Abyss:1 Abyss:2)
  21 white imps (D:8 D:10 Abyss:1 Abyss:2 Abyss:3)
  13 ufetubi (D:3 Abyss:1 Abyss:2)
  5 worms (D:2 Spider:1)
  3 dart slugs (D:1 D:2)
  10 orcs (D:5 D:7 D:9 D:14)
  10 ball pythons (D:1 D:2 D:3 D:4)
  A bat zombie (Crypt:3)
  9 endoplasms (D:1 D:2 D:3 D:4)
  2 giant cockroaches (D:4)
  5 goblins (D:3 D:4)
  9 hobgoblins (D:1 D:2 D:3 D:4)
  11 jackals (D:1 D:2)
  30 kobolds (D:1 D:2 D:4 D:8)
  A quokka (D:3)
  2 bats (D:2)
  An endoplasm zombie (Crypt:1)
  6 frilled lizards (D:1 D:2 D:3)
  10 kobold skeletons (D:8)
  8 kobold zombies (D:8)
  8 rats (D:1 D:2 D:3)
  3 lurking horrors (Abyss:1)
  33 starspawn tentacles (Abyss:1 Abyss:2)
  A tentacle (Shoals:3)
3457 creatures vanquished.

Vanquished Creatures (collateral kills)
  A dread lich (Abyss:2)
  A royal mummy (Tomb:1)
  The ghost of WeeknightWizard the Sorcerer, a veteran DEFE of Vehumet (Depths:3)
  A curse toe (Zot:3)
  Norris (Elf:2)
  A profane servitor (Abyss:2)
  5 tentacled monstrosities (Depths:4 Zot:3 Zot:4 Vaults:4 Abyss:1)
  3 deep elf blademasters (Elf:3 Elf:2)
  2 sphinxes (Shoals:4 Vaults:5)
  3 death cobs (Depths:4 Zot:1 Zot:3)
  A quicksilver dragon (Zot:3)
  A deep elf master archer (Elf:3)
  3 acid blobs (Slime:1 Slime:2)
  2 ancient champions (Depths:4)
  6 searing wretches (Depths:4)
  An Executioner (Abyss:1)
  7 tentacled starspawn (Abyss:1 Abyss:2)
  4 tengu reavers (Vaults:4 D:15 Depths:2)
  Agnes (Spider:2)
  A shadow dragon (shapeshifter) (Vaults:5)
  2 shadow dragons (Depths:4 Vaults:5)
  4 azure jellies (Slime:2 Slime:3 Slime:4 Slime:5)
  3 storm dragons (Depths:3 Zot:3 Vaults:5)
  2 revenants (Crypt:2)
  2 draconian monks (Zot:1 Zot:2)
  A fire giant (D:13)
  2 draconian scorchers (Zot:1 Zot:2)
  2 frost giants (IceCv D:15)
  A rockslime (Slime:1)
  3 iron dragons (Depths:4 Depths:3 Vaults:4)
  A deep elf elementalist (Elf:3)
  2 deep elf sorcerers (Elf:3)
  A ghost moth (Spider:4)
  3 draconian shifters (Depths:4 Zot:1)
  5 emperor scorpions (Spider:2 Spider:4 Spider:3)
  A draconian stormcaller (Zot:2)
  A spriggan defender (Depths:3)
  5 ironbound preservers (Vaults:3 Vaults:4)
  4 broodmothers (Spider:3)
  An angel (Abyss:2)
  4 draconian annihilators (Depths:4 Zot:3)
  2 quicksilver oozes (Slime:2 Slime:4)
  6 stone giants (D:15 Depths:2 Depths:3 Vaults:4 Vaults:5)
  7 very ugly things (D:15 Depths:2 Depths:3 Depths:4 Vaults:5)
  A war gargoyle (Vaults:2)
  Azrael (D:14)
  An orc warlord (Vaults:3)
  3 black draconians (Depths:4)
  2 ironbound thunderhulks (Vaults:2 Vaults:3)
  3 reapers (Depths:4)
  A lorocyproca (Depths:4)
  6 vampire knights (Depths:4)
  5 white draconians (Depths:4 Zot:2 Zot:3)
  4 purple draconians (Depths:4 Zot:1 Zot:3 Abyss:2)
  2 red draconians (Zot:1 Zot:3)
  6 yellow draconians (Depths:3 Depths:4 Zot:1 Zot:2)
  A bunyip (Abyss:2)
  2 deep elf annihilators (Elf:3)
  3 spark wasps (D:15)
  3 dire elephants (Vaults:1)
  4 green draconians (Depths:4 Zot:1 Zot:3)
  2 deep elf death magi (Elf:2 Vaults:5)
  3 jiangshi (Crypt:1 Crypt:2)
  2 green deaths (Depths:4)
  3 ettins (Depths:3 Vaults:4)
  A crystal guardian (Depths:4)
  2 entropy weavers (Spider:4 Vaults:4)
  6 fire dragons (Lair:5 D:13 D:15 Depths:2 Zot:3)
  2 deep elf high priests (Elf:3)
  A yaktaur captain (Vaults:1)
  The ghost of LobsterGuardian the Frost Mage, a journeyman HuIE of Sif Muna (D:11)
  4 great orbs of eyes (Vaults:3 Slime:4 Slime:5 Abyss:2)
  Josephine (Orc:2)
  21 vault guards (Vaults:3 Vaults:4 Vaults:5)
  2 rakshasas (Abyss:1 Abyss:2)
  2 peacekeepers (Vaults:2 Vaults:3)
  A catoblepas (D:13)
  4 hydras (Lair:2 Lair:3 Lair:4 D:15)
  4 ice dragons (Depths:3 Depths:4 Zot:3)
  2 satyrs (Shoals:4)
  A death knight (Vaults:2)
  A hell beast (Depths:4)
  2 ironbound frosthearts (IceCv Vaults:2)
  5 centaur warriors (D:14 Shoals:3 Vaults:1)
  2 merfolk aquamancers (Shoals:4 Shoals:3)
  2 radroaches (Lair:2 Spider:1)
  A merfolk avatar (Shoals:1)
  5 boulder beetles (D:13 Spider:4)
  2 two-headed ogres (Orc:2 D:15)
  7 death scarabs (Tomb:1)
  A death yak (Lair:3)
  11 dancing weapons (Elf:1 Elf:2)
  2 deep troll earth magi (Depths:4)
  5 demonic crawlers (Spider:1 Spider:2 Spider:3 Spider:4)
  7 thrashing horrors (Abyss:1 Abyss:2)
  A vampire mage (Crypt:1)
  A hell hog (Depths:4)
  5 soul eaters (Depths:3 Depths:4)
  9 hell knights (D:15 Depths:2 Depths:4 Vaults:4)
  5 wretched stars (Abyss:1 Abyss:2 Abyss:3)
  A sixfirhy (Abyss:2)
  2 sun demons (Depths:4)
  A fire crab (Lair:2)
  4 skysharks (Shoals:1 Shoals:2 Elf:2)
  5 deep elf knights (Elf:1 Elf:2)
  A shadow wraith (Vaults:1)
  A death drake (shapeshifter) (D:15)
  5 skeletal warriors (D:15)
  3 iron trolls (Depths:4)
  3 pharaoh ants (Spider:2)
  A sea snake (Shoals:4)
  A salamander mystic (Depths:1)
  2 sun moths (Spider:4)
  19 deep trolls (Vaults:3 D:15 Depths:1 Depths:4 Vaults:4)
  3 flayed ghosts (Depths:3 Crypt:1 Abyss:2)
  9 orb spiders (Spider:3 Spider:4)
  4 deep elf archers (Elf:1 Elf:2 Elf:3)
  A wizard (Vaults:3)
  7 harpies (Shoals:3 Shoals:4)
  2 steelbarb worms (Spider:1 Spider:2)
  2 orc knights (Vaults:3)
  An ironbound convoker (Vaults:3)
  7 necromancers (D:15 Depths:1 Depths:4)
  5 phantasmal warriors (D:13 Crypt:2 Depths:4 Vaults:4 Abyss:1)
  10 deep elf pyromancers (D:14 Elf:1 Elf:2 Elf:3)
  8 deep elf zephyrmancers (D:13 Elf:1 Elf:2 Elf:3)
  10 ugly things (D:12 Vaults:2 Vaults:3 D:15 Depths:2)
  4 manticores (D:14 D:15 Shoals:3 Shoals:4)
  2 shining eyes (Slime:2 Slime:5)
  A mana viper (Abyss:1)
  2 will-o-the-wisps (Abyss:2)
  3 fauns (Shoals:1 Shoals:2 Shoals:4)
  A cyclops (D:14)
  2 orc sorcerers (Orc:1 Orc:2)
  13 wolf spiders (D:15 Spider:1 Spider:2 Spider:3 Spider:4)
  4 salamanders (Depths:1 Depths:2)
  An iron dragon skeleton (Tomb:1)
  3 vault sentinels (Vaults:5)
  2 worldbinders (Abyss:2)
  9 moths of wrath (Spider:2 Spider:4 Depths:4 Zot:1)
  3 merfolk sirens (Shoals:1 Shoals:4)
  2 molten gargoyles (Lair:5 Depths:2)
  2 black mambas (Lair:2 Lair:3)
  7 smoke demons (Abyss:1 Abyss:2)
  An eye of devastation (Slime:2)
  2 orange demons (Abyss:2)
  5 torpor snails (Spider:1 Spider:2 Spider:3 Spider:4)
  3 apocalypse crabs (Abyss:2)
  A naga skeleton (Abyss:1)
  6 cane toads (Lair:2 Lair:4)
  A hellion (Abyss:2)
  6 komodo dragons (Lair:4 Lair:5)
  2 rime drakes (IceCv)
  5 ice devils (Depths:4)
  5 ancient zymes (Abyss:2)
  A red devil (Depths:4)
  6 merfolk (Shoals:3 Shoals:4)
  A guardian mummy (Zot:3)
  A polar bear (Lair:2)
  2 trolls (D:13 Elf:3)
  A harpy zombie (Crypt:1)
  A meliai (Spider:2)
  14 tarantellas (Spider:1 Spider:2 Spider:3 Spider:4)
  A harpy skeleton (Abyss:2)
  2 hornets (Abyss:2)
  A wind drake (Shoals:4)
  10 blink frogs (Lair:2 Lair:3 Lair:5 Abyss:2)
  4 dream sheep (Lair:3 Shoals:3)
  2 snapping turtles (Shoals:2 Shoals:4)
  17 raiju (Abyss:1 Abyss:2)
  45 slime creatures (D:11 D:15 Slime:1 Slime:2 Slime:3)
  19 jumping spiders (Lair:2 Spider:1 Spider:2 Spider:3 Spider:4)
  A centaur simulacrum (D:10)
  19 culicivoras (Spider:1 Spider:2 Spider:3 Spider:4)
  19 small abominations (Abyss:1 Abyss:2 Abyss:3)
  5 wraiths (Orc:2 Orc:1 Vaults:3 Crypt:1)
  4 flying skulls (Tomb:1 Abyss:1 Abyss:2)
  2 vampires (D:11)
  A yak (shapeshifter) (D:14)
  7 water elementals (Shoals:4 Elf:1 D:15 Depths:4)
  2 shadows (D:11 Abyss:1)
  5 ynoxinuls (Abyss:1 Abyss:2 Abyss:3)
  2 air elementals (Elf:3)
  5 fire bats (Abyss:1 Abyss:2)
  2 basilisks (D:10 Lair:2)
  14 yaks (D:10 Lair:3 Lair:4 Lair:5)
  3 fire elementals (D:14 Elf:1 Abyss:2)
  A golden eye (Abyss:1)
  3 wyverns (D:10)
  41 redbacks (Lair:2 Spider:1 Spider:2 Spider:3 Spider:4)
  A vampire mosquito (D:15)
  5 neqoxecs (Abyss:1 Abyss:2)
  A steam dragon (D:9)
  8 large abominations (Abyss:1 Abyss:2)
  7 chaos spawn (Abyss:1 Abyss:2)
  5 wargs (D:10 Orc:1 Orc:2 Elf:3)
  2 acid dragons (D:12 D:13)
  7 water moccasins (Lair:1 Lair:2 Lair:5)
  3 hell hounds (D:14 Abyss:1)
  8 orc warriors (D:9 Orc:2 D:14 Elf:3)
  A sky beast (Abyss:1)
  An ogre (D:15)
  A black bear (Lair:4)
  9 wolves (Lair:2 Lair:4)
  4 centaurs (D:11 D:14)
  A kobold brigand (D:9)
  2 bullfrogs (Lair:2 Lair:4)
  A yaktaur zombie (Crypt:2)
  An earth elemental (Elf:1)
  3 wights (D:9 Abyss:3)
  6 killer bees (D:10 Lair:2 Abyss:2)
  2 howler monkeys (D:11)
  An electric eel (Elf:3)
  3 lava snakes (Lair:5)
  A crimson imp (Abyss:3)
  2 quasits (Abyss:1)
  5 orc priests (D:10 Orc:1 Orc:2)
  A jelly (Abyss:1)
  6 starcursed masses (Abyss:1 Abyss:2)
  A gnoll bouda (D:9)
  2 iron imps (Abyss:1)
  3 orc wizards (D:11 Orc:1 Orc:2)
  5 mummies (Tomb:1)
  7 gnolls (D:9 D:10 D:11)
  6 white imps (D:10 Abyss:1 Abyss:2)
  A howler monkey simulacrum (D:10)
  7 ufetubi (D:10 Abyss:1 Abyss:2 Abyss:3)
  11 orcs (D:9 D:10 Orc:1 Orc:2 D:14)
  2 lurking horrors (Abyss:1 Abyss:2)
  7 starspawn tentacles (Abyss:1 Abyss:2)
928 creatures vanquished.

Vanquished Creatures (others)
  An orc warlord (Vaults:5)
  6 orc high priests (Shoals:4 Elf:1 Elf:3 Vaults:5 Tomb:1)
  2 orb spiders (Spider:3)
  A wizard (Abyss:2)
  A harpy (Shoals:4)
  31 orc knights (D:10 Lair:5 Orc:2 D:15 Spider:1)
  9 orc sorcerers (Orc:2 D:15 Spider:3 Zot:2 Vaults:5)
  2 deep elf pyromancers (Elf:1 Elf:2)
  2 ice devils (Depths:4)
  A jumping spider (Abyss:1)
  A culicivora (Spider:3)
  A wyvern (shapeshifter) (Abyss:2)
  A chaos spawn (Abyss:2)
  35 orc priests (D:9 Orc:2 D:14 IceCv Vaults:1)
  31 orc warriors (D:9 D:10 D:12 D:11 Orc:2)
  4 small abominations (Abyss:1 Abyss:2 Abyss:3)
  A jelly (Abyss:2)
  23 orc wizards (Orc:2 D:15 Lair:2 Spider:1 Shoals:4)
  A mummy (Crypt:3)
  A white imp (Abyss:2)
  An ufetubus (Abyss:2)
  44 orcs (D:9 D:11 Orc:1 Orc:2 D:14)
  16 foxfires (Abyss:2)
  2 lurking horrors (Abyss:1 Abyss:5)
  119 starspawn tentacles (Abyss:1 Abyss:2 Abyss:3 Abyss:5)
  3 tentacles (Shoals:3)
340 creatures vanquished.

Grand Total: 4725 creatures vanquished

Table legend: (Time is in decaauts)
 A = Elapsed time spent in this place.
 B = Non-inter-level travel time spent in this place.
 C = Inter-level travel time spent in this place.
 D = Time resting spent in this place.
 E = Time spent auto-exploring this place.
 F = Levels seen in this place.
 G = Mean time per level.
                   A        B        C        D        E       F      G
               +--------+--------+--------+--------+--------+-----+--------+
         Total | 133059 | 112376 |  20683 |  26235 |  29610 |  80 | 1663.2 |
       Dungeon |  26894 |  20625 |   6269 |   4751 |  10390 |  15 | 1792.9 |
          Lair |  10337 |   8125 |   2212 |   1985 |   4171 |   5 | 2067.4 |
        Shoals |   6069 |   5389 |    680 |    902 |   1354 |   4 | 1517.2 |
   Spider Nest |   5773 |   5152 |    621 |   1837 |    554 |   4 | 1443.2 |
    Slime Pits |   6195 |   5640 |    555 |    804 |    984 |   5 | 1239.0 |
  Orcish Mines |   2636 |   2149 |    487 |    602 |    997 |   2 | 1318.0 |
   Elven Halls |   5018 |   4386 |    632 |    997 |    637 |   3 | 1672.7 |
        Vaults |  15890 |  12052 |   3838 |   3240 |   3309 |   5 | 3178.0 |
         Crypt |   6602 |   5705 |    897 |   1704 |   1102 |   3 | 2200.7 |
          Tomb |   1180 |   1127 |     53 |    114 |     55 |   1 | 1180.0 |
        Depths |  11080 |   9159 |   1921 |   3219 |   1490 |   4 | 2770.0 |
          Hell |    800 |    779 |     21 |    127 |    383 |   1 |  800.0 |
           Zot |  17388 |  14894 |   2494 |   3989 |   3741 |   5 | 3477.6 |
         Abyss |  13225 |  13225 |      0 |    496 |    123 |  11 | 1202.3 |
      Ziggurat |    371 |    371 |      0 |    123 |      0 |   7 |   53.0 |
        Bazaar |     48 |     48 |      0 |      0 |     15 |   1 |   48.0 |
         Trove |     54 |     54 |      0 |      0 |      0 |   1 |   54.0 |
      Ice Cave |   1250 |   1250 |      0 |    441 |      0 |   1 | 1250.0 |
        Wizlab |   1733 |   1733 |      0 |    765 |     92 |   1 | 1733.0 |
      Gauntlet |    507 |    507 |      0 |    134 |    213 |   1 |  507.0 |
               +--------+--------+--------+--------+--------+-----+--------+

Top non-repeatable levels by time:
 Abyss:2: 7221 daAuts
 Abyss:1: 5551 daAuts
   Zot:1: 4736 daAuts
Depths:4: 4502 daAuts
Vaults:1: 4201 daAuts
   Zot:4: 3898 daAuts
    D:10: 3825 daAuts
Vaults:4: 3505 daAuts
   Zot:3: 3374 daAuts
  Lair:2: 3029 daAuts
Vaults:3: 2934 daAuts
   Zot:2: 2897 daAuts
 Crypt:3: 2883 daAuts
    D:15: 2873 daAuts
Depths:3: 2862 daAuts

Table legend:
 A = Non-vault XP
 B = Vault XP
 C = Vault XP percentage of total XP
 D = Non-vault monster count
 E = Vault monster count
 F = Vault count percentage of total count
                 A         B        C        D         E       F
            +---------+---------+-------+---------+---------+-------
      Total | 1595951 |  773246 |  32.6 |    3187 |    1142 |  26.4
            +---------+---------+-------+---------+---------+-------
        D:1 |      37 |       5 |  11.9 |      21 |       3 |  12.5
        D:2 |     107 |       3 |   2.7 |      25 |       2 |   7.4
        D:3 |      59 |       0 |   0.0 |      17 |       0 |   0.0
        D:4 |     199 |      18 |   8.3 |      23 |       1 |   4.2
        D:5 |     769 |      35 |   4.4 |      14 |       1 |   6.7
        D:6 |     941 |       0 |   0.0 |      10 |       0 |   0.0
        D:7 |    2511 |     218 |   8.0 |      23 |       5 |  17.9
        D:8 |     714 |    1134 |  61.4 |       6 |      52 |  89.7
        D:9 |    1723 |    2943 |  63.1 |      23 |      18 |  43.9
       D:10 |    2971 |    4042 |  57.6 |      18 |      33 |  64.7
       D:11 |    3642 |    2167 |  37.3 |      27 |       4 |  12.9
       D:12 |    2831 |     983 |  25.8 |       9 |       2 |  18.2
       D:13 |    2921 |    8538 |  74.5 |       6 |      15 |  71.4
       D:14 |   10796 |    4084 |  27.4 |      23 |      14 |  37.8
       D:15 |   24758 |     686 |   2.7 |      57 |       1 |   1.7
     Lair:1 |    7130 |       0 |   0.0 |      16 |       0 |   0.0
     Lair:2 |    5710 |    7697 |  57.4 |      25 |      45 |  64.3
     Lair:3 |   10926 |     679 |   5.9 |      35 |       2 |   5.4
     Lair:4 |    7051 |    1999 |  22.1 |      33 |       5 |  13.2
     Lair:5 |   10625 |    8605 |  44.7 |      37 |      26 |  41.3
   Shoals:1 |   13282 |       0 |   0.0 |      30 |       0 |   0.0
   Shoals:2 |    6800 |       0 |   0.0 |      16 |       0 |   0.0
   Shoals:3 |    8783 |    6355 |  42.0 |      22 |      27 |  55.1
   Shoals:4 |   10793 |   18946 |  63.7 |      26 |      31 |  54.4
   Spider:1 |   10410 |    2597 |  20.0 |      48 |      16 |  25.0
   Spider:2 |   12990 |     885 |   6.4 |      53 |       1 |   1.9
   Spider:3 |   14491 |    5287 |  26.7 |      45 |      17 |  27.4
   Spider:4 |    8710 |   10696 |  55.1 |      25 |      23 |  47.9
    Slime:1 |   19190 |       0 |   0.0 |      42 |       0 |   0.0
    Slime:2 |   15521 |       0 |   0.0 |      39 |       0 |   0.0
    Slime:3 |    5547 |    5812 |  51.2 |      18 |       1 |   5.3
    Slime:4 |    3449 |   10084 |  74.5 |       6 |       9 |  60.0
    Slime:5 |    5175 |   13464 |  72.2 |      12 |      10 |  45.5
      Orc:1 |    1473 |     122 |   7.6 |      15 |       1 |   6.2
      Orc:2 |    2819 |    6495 |  69.7 |      13 |      23 |  63.9
      Elf:1 |   16707 |    8193 |  32.9 |      32 |      14 |  30.4
      Elf:2 |   10276 |   21892 |  68.1 |      18 |      35 |  66.0
      Elf:3 |   11389 |   24734 |  68.5 |      27 |      24 |  47.1
   Vaults:1 |   21294 |   26530 |  55.5 |      34 |      38 |  52.8
   Vaults:2 |   21101 |   12560 |  37.3 |      30 |      17 |  36.2
   Vaults:3 |   20776 |   15643 |  43.0 |      37 |      19 |  33.9
   Vaults:4 |   17474 |   35813 |  67.2 |      30 |      50 |  62.5
   Vaults:5 |   32051 |   66997 |  67.6 |      49 |      61 |  55.5
    Crypt:1 |   28390 |    5946 |  17.3 |      49 |       2 |   3.9
    Crypt:2 |   46112 |    1410 |   3.0 |      58 |       3 |   4.9
    Crypt:3 |   17189 |   30341 |  63.8 |      23 |      58 |  71.6
     Tomb:1 |   21211 |   35325 |  62.5 |      50 |      49 |  49.5
   Depths:1 |    7704 |       0 |   0.0 |      13 |       0 |   0.0
   Depths:2 |   23912 |   15098 |  38.7 |      41 |      25 |  37.9
   Depths:3 |   31796 |   53628 |  62.8 |      37 |      60 |  61.9
   Depths:4 |   69178 |   36609 |  34.6 |     101 |      57 |  36.1
       Hell |    7854 |    8636 |  52.4 |      15 |      14 |  48.3
      Zot:1 |   33016 |       0 |   0.0 |      39 |       0 |   0.0
      Zot:2 |   32782 |    7218 |  18.0 |      32 |       8 |  20.0
      Zot:3 |   61832 |   22632 |  26.8 |      48 |      23 |  32.4
      Zot:4 |   17253 |   22822 |  56.9 |      14 |       9 |  39.1
      Zot:5 |   40495 |  110244 |  73.1 |      34 |      43 |  55.8
    Abyss:1 |  248895 |    8576 |   3.3 |     515 |      12 |   2.3
    Abyss:2 |  458504 |   11735 |   2.5 |     911 |      39 |   4.1
    Abyss:3 |   27042 |   11359 |  29.6 |      59 |       9 |  13.2
    Abyss:5 |    2527 |       0 |   0.0 |       5 |       0 |   0.0
      Zig:1 |    1326 |       0 |   0.0 |       2 |       0 |   0.0
      Zig:2 |    1422 |       0 |   0.0 |       3 |       0 |   0.0
      Zig:3 |    4877 |       0 |   0.0 |       3 |       0 |   0.0
      Zig:4 |    4063 |       0 |   0.0 |       5 |       0 |   0.0
      Zig:5 |    5130 |       0 |   0.0 |       6 |       0 |   0.0
      Zig:6 |    8606 |       0 |   0.0 |       7 |       0 |   0.0
      Zig:7 |    7913 |       0 |   0.0 |       2 |       0 |   0.0
      IceCv |       0 |   22684 | 100.0 |       0 |      39 | 100.0
     WizLab |       0 |   27334 | 100.0 |       0 |      40 | 100.0
   Gauntlet |       0 |    4708 | 100.0 |       0 |       6 | 100.0
            +---------+---------+-------+---------+---------+-------
